 Dungeon Crawl Stone Soup version 0.30-a0-622-gddc90eaa04 (webtiles) character file.

Game seed: 10990576696354185325

1611116 MackTheKnife the Slayer (level 27, 235/242 HPs)
             Began as a Demonspawn Artificer on Jan 10, 2023.
             Was an Elder of Okawaru.
             Escaped with the Orb
             ... and 3 runes!
             The game lasted 02:27:29 (78754 turns).

MackTheKnife the Slayer (Demonspawn Artificer)     Turns: 78754, Time: 02:27:29

Health: 235/242    AC: 44    Str: 22    XL:     27
Magic:  32/32      EV: 17    Int: 20    God:    Okawaru [****..]
Gold:   3739       SH: 28    Dex: 27    Spells: 36/38 levels left

rFire   + . .      SeeInvis +    x - +8 mithril axe "Arga" {speed, Will+}
rCold   + + .      Faith    .    D - +2 kite shield of the Enchanted Forest {Str+5 Dex-3 SInv Stlth+}
rNeg    . . .      Spirit   .    g - +5 gold dragon scales {rare}
rPois   +          Reflect  +    (helmet unavailable)
rElec   +          Harm     .    y - +1 cloak of Eternity {Slay+4}
rCorr   +          Rampage  .    U - +2 pair of gloves {infuse}
Will    +++++      Rage     3%   J - +2 pair of boots Stlth
                                 A - amulet of Qurchien {Reflect rCorr Dex+3 SH+5}
HPRegen 0.60/turn                Y - ring of Taoxzipo {rPois rC+ Will++ Int+6 Stlth+}
MPRegen 0.23/turn                c - ring of Henat {Fly rElec Dex+3}

@: mighty, heroic, flying, studying Conjurations
A: horns 3, yellow scales 3, (demonic guardian 3), hurl damnation, ignite blood
3, torment resistance 1, demonic willpower, agile 1, berserk 1, poison
resistance, no potion heal 1, subdued magic 1, MP-powered wands, sturdy frame 1
0: Orb of Zot
}: 3/15 runes: barnacled, silver, gossamer
a: Hurl Damnation, Renounce Religion, Heroism, Finesse


You escaped.
You worshipped Okawaru.
Okawaru was greatly pleased with you.
You visited 11 branches of the dungeon, and saw 52 of its levels.
You visited the Abyss 1 time.
You visited 1 bazaar.
You visited 1 ziggurat, and saw 7 of its levels.
You also visited: Ice Cave, Wizlab and Desolation.

You collected 9203 gold pieces.
You spent 5464 gold pieces at shops.


Innate Abilities, Weirdness & Mutations

You have a pair of large horns on your head.
You are completely covered in yellow scales. (AC +4, rCorr)
((A powerful demonic guardian rushes to your aid.))
You can hurl damnation.
Your demonic aura causes all spilled blood to erupt in flames.
You are resistant to unholy torment.
You punish those that try to bend your will. (Will+)
You are agile. (Dex +4, Str/Int -1)
You sometimes lose your temper in combat.
Your system is resistant to poisons. (rPois)
Potions are less effective at restoring your health.
Your spells are a little easier to cast, but a little less powerful.
You expend magic power (3 MP) to strengthen your wands.
Your movements are slightly less encumbered by armour. (ER -2)


   Skills:
 + Level 25.2(27) Fighting
 - Level 10.6(15.6) Short Blades
 - Level 15.6(23.4) Axes
 - Level 16.0(23.5) Maces & Flails
 - Level 18.0(23.0) Armour
 - Level 10.0(15.0) Dodging
 - Level 2.0(7.0) Stealth
 - Level 22.0(27) Shields
 - Level 6.4 Spellcasting
 - Level 9.0 Transmutations
 - Level 12.7 Invocations
 - Level 16.0 Evocations


You had 36 spell levels left.
You knew the following spells:

 Your Spells              Type           Power      Damage    Failure   Level
a - Wereblood             Tmut           32%        N/A       2%          2

Your spell library contained the following spells:

 Spells                   Type           Power      Damage    Failure   Level
 Beastly Appendage        Tmut           64%        N/A       1%          1
 Sting                    Tmut/Pois      72%        1d6       12%         1
 Spider Form              Tmut/Pois      18%        N/A       36%         3
 Blade Hands              Tmut           16%        N/A       50%         5
 Ignite Poison            Fire/Tmut/Pois 14%        N/A       58%         3
 Apportation              Tloc           8%         N/A       63%         1
 Freeze                   Ice            16%        1d4       63%         1
 Necrotise                Necr           16%        1d4       63%         1
 Shock                    Conj/Air       16%        1d4       63%         1
 Blink                    Tloc           8%         N/A       77%         2
 Poisonous Vapours        Pois/Air       8%         N/A       77%         2
 Scorch                   Fire           8%         2d5       77%         2
 Searing Ray              Conj           8%         2d4       77%         2
 Sublimation of Blood     Necr           4%         N/A       77%         2
 Ice Form                 Ice/Tmut       18%        N/A       78%         4
 Petrify                  Tmut/Erth      18%        N/A       78%         4
 Dazzling Flash           Conj/Hex       8%         N/A       94%         3
 Frozen Ramparts          Ice            8%         1d2       94%         3
 Gell's Gravitas          Tloc           4%         N/A       94%         3
 Hailstorm                Conj/Ice       4%         3d4       94%         3
 Mephitic Cloud           Conj/Pois/Air  4%         N/A       94%         3
 Portal Projectile        Hex/Tloc       8%         N/A       94%         3
 Swiftness                Air            4%         N/A       94%         3
 Teleport Other           Tloc           4%         N/A       94%         3
 Irradiate                Conj/Tmut      9%         3d14      98%         5
 Yara's Violent Unravell  Hex/Tmut       9%         3d6       98%         5
 Airstrike                Air            2%         2d(1-17)  100%        4
 Anguish                  Hex/Necr       2%         N/A       100%        4
 Flame Wave               Conj/Fire      4%         2d5       100%        4
 Iskenderun's Mystic Bla  Conj/Tloc      4%         2d3       100%        4
 Leda's Liquefaction      Hex/Erth       2%         N/A       100%        4
 Manifold Assault         Tloc           4%         N/A       100%        4
 Olgreb's Toxic Radiance  Pois           4%         N/A       100%        4
 Passage of Golubria      Tloc           4%         N/A       100%        4
 Agony                    Necr           4%         N/A       100%        5
 Borgnjor's Vile Clutch   Necr/Erth      2%         N/A       100%        5
 Fireball                 Conj/Fire      2%         3d4       100%        5
 Freezing Cloud           Conj/Ice/Air   2%         6-21      100%        5
 Iskenderun's Battlesphe  Conj           4%         2d6       100%        5
 Lightning Bolt           Conj/Air       2%         1d13      100%        5
 Silence                  Hex/Air        2%         N/A       100%        5
 Conjure Ball Lightning   Conj/Air       2%         3x3d6     100%        6
 Dispersal                Tloc           2%         N/A       100%        6
 Iron Shot                Conj/Erth      2%         9d2       100%        6
 Starburst                Conj/Fire      2%         6d3       100%        6
 Statue Form              Tmut/Erth      12%        N/A       100%        6
 Dragon Form              Tmut           16%        N/A       100%        7
 Enfeeble                 Hex            2%         N/A       100%        7
 Orb of Destruction       Conj           2%         9d5       100%        7
 Storm Form               Tmut/Air       9%         N/A       100%        7
 Disjunction              Tloc           2%         N/A       100%        8
 Ignition                 Fire           2%         3d3       100%        8
 Lehudib's Crystal Spear  Conj/Erth      2%         10d2      100%        8
 Polar Vortex             Ice            2%         N/A       100%        9
 Summon Small Mammal      Summ           Unusable   N/A       N/A         1
 Call Imp                 Summ           Unusable   N/A       N/A         2
 Call Canine Familiar     Summ           Unusable   N/A       N/A         3
 Animate Armour           Summ/Erth      Unusable   N/A       N/A         4
 Animate Dead             Necr           Unusable   N/A       N/A         4
 Summon Ice Beast         Ice/Summ       Unusable   N/A       N/A         4
 Summon Lightning Spire   Summ/Air       Unusable   N/A       N/A         4
 Death Channel            Necr           Unusable   N/A       N/A         6
 Simulacrum               Ice/Necr       Unusable   N/A       N/A         6
 Summon Cactus Giant      Summ           Unusable   N/A       N/A         6
 Haunt                    Necr/Summ      Unusable   N/A       N/A         7
 Spellforged Servitor     Conj/Summ      Unusable   N/A       N/A         7
 Summon Hydra             Summ           Unusable   N/A       N/A         7
 Infestation              Necr           Unusable   N/A       N/A         8

Inventory:

Hand Weapons
 x - the +8 mithril axe "Arga" (weapon) {speed, Will+}
   (You took it off a deep elf annihilator on level 3 of the Elven Halls)

   Will:      It increases your willpower.
Armour
 g - +5 gold dragon scales (worn) {rare}
   (You found it on level 1 of the Depths)
 q - the +18 shield of the Gong {rElec rN+ Will+ EV-5}
   (You found it on level 3 of the Vaults)

   It is deafeningly noisy when blocking attacks.
   EV:        It affects your evasion (-5).
   rElec:     It insulates you from electricity.
   rN:        It protects you from negative energy.
   Will:      It increases your willpower.
 y - the +1 cloak of Eternity (worn) {Slay+4}
   (Okawaru gifted it to you on level 5 of the Lair of Beasts)

   Slay:      It affects your accuracy & damage with ranged weapons and melee
   (+4).
 D - the +2 kite shield of the Enchanted Forest (worn) {Str+5 Dex-3 SInv Stlth+}
   (You bought it in a shop on level 2 of the Orcish Mines)

   Str:       It affects your strength (+5).
   Dex:       It affects your dexterity (-3).
   SInv:      It lets you see invisible.
   Stlth:     It makes you more stealthy.
 J - a +2 pair of boots (worn)
   (You found it on level 5 of the Dungeon)
 O - the +9 plate armour of Tuik {Dex+4}
   (Okawaru gifted it to you on level 1 of the Spider Nest)

   Dex:       It affects your dexterity (+4).
 U - a +2 pair of gloves of infusion (worn)
   (You found it on level 5 of the Vaults)
Jewellery
 c - the ring of Henat (right hand) {Fly rElec Dex+3}
   (You found it in the Desolation of Salt)

   [ring of flight]

   Dex:       It affects your dexterity (+3).
   rElec:     It insulates you from electricity.
   Fly:       It grants you flight.
 w - the ring "Memeonn" {rPois rN+ rCorr Dex+4}
   (You found it on level 3 of the Realm of Zot)

   [ring of resist corrosion]

   Dex:       It affects your dexterity (+4).
   rPois:     It protects you from poison.
   rN:        It protects you from negative energy.
   rCorr:     It protects you from acid and corrosion.
 A - the amulet of Qurchien (around neck) {Reflect rCorr Dex+3 SH+5}
   (You bought it in a shop on level 1 of the Elven Halls)

   [amulet of reflection]

   It reflects blocked missile attacks.
   Dex:       It affects your dexterity (+3).
   rCorr:     It protects you from acid and corrosion.
   SH:        It affects your SH (+5).
 Y - the ring of Taoxzipo (left hand) {rPois rC+ Will++ Int+6 Stlth+}
   (You took it off a deep elf sorcerer on level 2 of the Vaults)

   [ring of intelligence]

   Int:       It affects your intelligence (+6).
   rC:        It protects you from cold.
   rPois:     It protects you from poison.
   Will:      It greatly increases your willpower.
   Stlth:     It makes you more stealthy.
Wands
 d - a wand of charming (55)
 e - a wand of polymorph (10)
   (You found it on level 3 of the Lair of Beasts)
 z - a wand of acid (29)
   (You found it on level 7 of the Dungeon)
 N - a wand of iceblast (43)
   (You found it on level 15 of the Dungeon)
 P - a wand of flame (11)
   (You found it on level 5 of the Realm of Zot)
 W - a wand of mindburst (23)
   (You found it on level 3 of the Shoals)
Scrolls
 h - 6 scrolls of immolation {!r!r}
 n - 3 scrolls of fog
 o - 6 scrolls of fear
 p - 2 scrolls of poison
 r - 6 scrolls of enchant weapon
 s - 21 scrolls of teleportation {@r4}
 t - a scroll of blinking {!r}
 u - 9 scrolls of vulnerability {!r!r}
 G - 5 scrolls of summoning
 K - 2 scrolls of brand weapon
 L - 18 scrolls of identify {@r1}
 T - 3 scrolls of silence {!r}
Potions
 a - 3 potions of cancellation
 f - 27 potions of curing {@q1}
 i - 4 potions of haste {@q3}
 j - 2 potions of resistance
 k - 6 potions of mutation {!q}
 l - 5 potions of attraction {!q}
 m - 4 potions of brilliance
 v - 4 potions of ambrosia
 C - 5 potions of berserk rage {!q}
 E - 8 potions of lignification {!q}
 F - 19 potions of heal wounds {@q2}
 H - 11 potions of flight
 M - 3 potions of invisibility
 Q - 2 potions of magic
 S - 3 potions of might
Miscellaneous
 b - a tin of tremorstones (2/2) {throwing}
   (You found it on level 2 of the Depths)
 B - a lightning rod (4/4)
   (You found it on level 5 of the Vaults)
 I - a phial of floods
   (You found it on level 13 of the Dungeon)
 X - a condenser vane
   (You found it on level 5 of the Vaults)
 Z - a phantom mirror
   (You found it on level 1 of the Vaults)

Dungeon Overview and Level Annotations

Branches:
Dungeon (15/15)            Temple (0/1) D:6            Lair (5/5) D:10
 Shoals (4/4) Lair:3       Spider (4/4) Lair:2        Slime (2/5) Lair:5
    Orc (2/2) D:9             Elf (3/3) Orc:2        Vaults (5/5) D:14
  Crypt (3/3) Vaults:2     Depths (4/4) D:15            Zot (5/5) Depths:4
  IceCv (visited)          WizLab (visited)         Desolation (visited)
   Tomb: Crypt:3

Altars:
Ashenzari
Gozag
Hepliaklqana
Kikubaaqudgha
Makhleb
Okawaru
Sif Muna
Uskayaw
Vehumet
Yredelemnul

Shops:
D:4 =   D:6 *   D:8 *   D:15 :   Orc:1 =   Orc:2 [*?([(?   Elf:1 !!=!
Shoals:1 :   Shoals:3 (   Shoals:4 (!=   Vaults:1 (([   Vaults:2 *   Vaults:3 :
Vaults:4 *   Depths:3 =

Portals:
Hell: Depths:1 Depths:2 Depths:3 Depths:4
Abyss: Depths:2 Depths:3
Pandemonium: Depths:2 Depths:4

Annotations:
D:6 Cis's ghost, amateur MiBe
D:9 exclusion: door
Shoals:3 2 transporters, dunno567's ghost, adept MiHu
Elf:1 6 runed translucent doors
Elf:2 3 runed translucent doors
Vaults:4 3 runed translucent doors, exclusion: obsidian statue, Uquewn Suowu's ghost, veteran GnWr
Crypt:1 3 runed translucent doors, Titucsi's ghost, adept GrFi
Zot:1 exclusion: downstairs
Zot:5 36 runed doors

#### #..^^ #########..###
###### ##..^^
#............###....## ###.....
#.###...1............###....###
#.# #......................##
#.# ##...................###
#.# ###......R......(#### #.#
##......(.....## ###.#####
####..@...#### #.......#
###...## #...1...# #####
#.......# #.......############
#.......##..(......#
#..........###.#####
........######.# ........# #..#


You could see a Hell Sentinel and a rakshasa.


Message History

You slash the sixfirhy! You headbutt the sixfirhy.
The sixfirhy hits you but does no damage.
You block the sixfirhy's attack. 😕 MP[-1]
You lost 1 mp, and now have 31/32 mp.
You miss the sixfirhy. Your headbutt misses the sixfirhy.
You block the sixfirhy's attack.
The sixfirhy hits you but does no damage. 😕 HP[+1]
You slash the sixfirhy! Your headbutt misses the sixfirhy.
You block the sixfirhy's attack.
The sixfirhy closely misses you. 😕 MP[-1]
You lost 1 mp, and now have 30/32 mp.
You slice the sixfirhy!!
You kill the sixfirhy!
Okawaru accepts your kill. 😕 MP[-1]
You lost 1 mp, and now have 29/32 mp.
No target in view! 😕 HP[+1] 😕 HP[+1] MP[+1] 3 hell hounds come into view.
There is a stone staircase leading up here.
The hell hound barks!
You fly upwards.
There is a stone staircase leading down here. 😕 HP[+2]
You regained 2 hp, and now have 223/242 hp.
(D) Dungeon (T) Temple (L) Lair (A) Shoals (N) Spider Nest (M) Slime Pits (O) Orcish Mines (E) Elven Halls (V) Vaults (C) Crypt (U) Depths (H) Hell (Z) Zot
Where to? (Enter - D:1, ? - help)
What level of the Dungeon? (default 1, ? - help)
You see here 6 boomerangs {throwing}.
There is a stone staircase leading up here.
You fly upwards.
There is a stone staircase leading down here.
There is an open door here.
There is an open door here.
You see here a +0 dagger {short}.
There is a stone staircase leading up here.
You fly upwards.
There is a stone staircase leading down here. 😎 HP[+19] MP[+2]
Your hp is fully restored (242).
Your mp is fully restored (32).
You see here a +0 club {mace}.
An Ice Fiend comes into view.
You gain the combat prowess of a mighty hero. 😎 MP[-2]
You lost 2 mp, and now have 30/32 mp.
You feel very mighty all of a sudden.
The Ice Fiend claws you but does no damage.
You block the Ice Fiend's attack.
You slice the Ice Fiend!!
You headbutt the Ice Fiend, but do no damage. 😎 MP[-1]
You lost 1 mp, and now have 29/32 mp.
You slash the Ice Fiend! 😎 MP[-1]
You lost 1 mp, and now have 28/32 mp.
You cut the Ice Fiend into ribbons!!! You headbutt the Ice Fiend!!
The Ice Fiend gestures at you. The bolt of cold misses you. 😎 MP[-1]
You lost 1 mp, and now have 27/32 mp.
You completely miss the Ice Fiend. You headbutt the Ice Fiend.
You kill the Ice Fiend!
Okawaru accepts your kill. 😎 MP[+1]
(D) Dungeon (T) Temple (L) Lair (A) Shoals (N) Spider Nest (M) Slime Pits (O) Orcish Mines (E) Elven Halls (V) Vaults (C) Crypt (U) Depths (H) Hell (Z) Zot
Where to? (Enter - D:1 @ (x,y), ? - help)
A Hell Sentinel comes into view. 😎 MP[+1]
The Hell Sentinel gestures at you.
The sphere of damnation explodes!
The damnation engulfs you! 😕 HP[-17]
You take 17 damage, and now have 225/242 hp. 😕 MP[+1] 😕 HP[+1] 😕 HP[+1] 😕 HP[+1] MP[+1] 😕 HP[+1] 😕 HP[+1] 😕 HP[+1] MP[+1]
Your mp is fully restored (32). 😕 HP[+1]
A rakshasa comes into view.
It is wielding a +1 trident of protection. 😕 HP[+1]
You block the rakshasa's attack. 😕 HP[+1]
You block the rakshasa's attack. You block the rakshasa's attack.
There is a staircase leading out of the dungeon here. 😕 HP[+1]
You block the rakshasa's attack.
You have escaped!

Skill      XL: |  1  2  3  4  5  6  7  8  9 10 11 12 13 14 15 16 17 18 19 20 21 22 23 24 25 26 27 |
---------------+----------------------------------------------------------------------------------+-----
Stealth        | 2 |  2.0
Fighting       | 2 3 5 8 10 12 14 21 22 23 25 | 25.2
Dodging        | 1 2 3 5 6 7 10 | 10.0
Short Blades   | 2 3 5 6 9 10 | 10.6
Armour         | 5 6 7 10 12 14 18 | 18.0
Invocations    | 11 12 | 12.7
Shields        | 8 13 15 16 20 22 | 22.0
Evocations     | 8 13 14 16 | 16.0
Maces & Flails | 9 11 16 | 16.0
Spellcasting   | 1 6 |  6.4
Transmutations | 4 9 |  9.0
Axes           | 6 15 | 15.6

Action                   |  1- 3 |  4- 6 |  7- 9 | 10-12 | 13-15 | 16-18 | 19-21 | 22-24 | 25-27 || total
-------------------------+-------+-------+-------+-------+-------+-------+-------+-------+-------++-------
Melee: Club              |    16 |       |       |       |       |       |       |       |       ||    16
       Dagger            |   162 |       |       |       |       |       |       |       |       ||   162
       Punch             |     1 |     1 |     7 |    10 |       |       |       |       |       ||    19
       Short sword       |       |   125 |   360 |   336 |       |       |       |       |       ||   821
       Headbutt          |       |    23 |    77 |   236 |   497 |   745 |   439 |   518 |   732 ||  3267
       Quick blade       |       |       |       |   371 |  1469 |  1163 |       |       |       ||  3003
       Rapier            |       |       |       |       |       |   837 |   744 |       |       ||  1581
       Eveningstar       |       |       |       |       |       |       |   376 |  1568 |   114 ||  2058
       Broad axe         |       |       |       |       |       |       |       |       |  1748 ||  1748
 Cast: Wereblood         |       |       |       |       |       |       |       |    11 |     6 ||    17
Invok: Heroism           |       |       |     1 |     4 |    12 |    15 |    18 |    28 |    34 ||   112
       Finesse           |       |       |       |       |     4 |     4 |     8 |    12 |    11 ||    39
       Duel              |       |       |       |       |       |       |       |       |     1 ||     1
 Abil: Hurl Damnation    |       |       |       |       |       |       |       |       |     3 ||     3
Evoke: Wand              |     8 |    12 |    10 |    18 |     1 |    11 |       |     4 |     1 ||    65
       Tin of tremorston |       |       |       |       |       |       |       |     7 |       ||     7
       Condenser vane    |       |       |       |       |       |       |       |     2 |     1 ||     3
  Use: Scroll            |       |     4 |     6 |     6 |    13 |     7 |     8 |    14 |    15 ||    73
       Potion            |       |     1 |       |     8 |       |     1 |     1 |    13 |    24 ||    48
 Stab: Sleeping          |     7 |     3 |     1 |       |       |       |       |       |       ||    11
       Distracted        |       |     1 |       |       |       |       |       |       |       ||     1
       Held in net/web   |       |       |     1 |       |       |     1 |       |       |       ||     2
       Invisible         |       |       |       |     4 |       |       |       |       |     4 ||     8
Armor: Leather armour    |    52 |    25 |       |       |       |       |       |       |       ||    77
       Chain mail        |       |       |   177 |   174 |    64 |       |       |       |       ||   415
       Crystal plate arm |       |       |       |       |   115 |    48 |       |       |       ||   163
       Ring mail         |       |       |       |       |     6 |       |       |       |       ||     6
       Plate armour      |       |       |       |       |       |   412 |   288 |   431 |    22 ||  1153
       Gold dragon scale |       |       |       |       |       |       |       |       |   392 ||   392
Dodge: Dodged            |    81 |    43 |   177 |   291 |   247 |   537 |   225 |   356 |   189 ||  2146
Block: Other             |       |    16 |    81 |    82 |       |       |       |       |       ||   179
       Reflection        |       |       |     1 |     4 |    33 |    69 |    62 |    73 |    13 ||   255
       Kite shield       |       |       |       |    63 |   690 |  1591 |   933 |  1316 |  1057 ||  5650

Levels and vault maps discovered:
D:1:      evilmike_arrival_grusome_pit, layout_rooms,
          hellmonk_ecumenical_altar_inner_sanctum, minmay_misc_feat_more_columns
D:2:      layout_basic, basic_altar, uniq_terence
D:3:      layout_loops_ring, okawaru_trees_1, minmay_misc_feat_diagonals,
          uniq_natasha, uniq_ijyb, uniq_jessica
D:4:      layout_cave_pools, marbit_many_paths, serial_shops,
          nicolae_shop_behind_doors, minmay_ruined_shrine
D:5:      layout_basic, old_standard_altar, kennysheep_nub
D:6:      layout_basic, kennysheep_mini, minmay_temple_entry_glass,
          gammafunk_ghost_stat_death, serial_shops, nicolae_diamond_shop,
          lemuel_flamethrower_2
D:7:      layout_basic, mainiacjoe_overflow_catwalk, hangedman_minor_gate_pass
D:8:      layout_basic, nicolae_wooded_promenade, grunt_decor_arrowhead
D:9:      layout_big_octagon, mainiacjoe_overflow_small_starburst, led_sif_book,
          mainiacjoe_overflow_two_lobes, david_orc_4, serial_co_window_serial,
          co_window_paths_a, co_window_of_opportunity_a, co_window_corner_a,
          co_window_of_opportunity_a, co_window_corner_a, co_window_corner_a,
          co_window_cross_2, co_window_unsneaky_path_e, co_window_corner_ca,
          co_window_of_opportunity_c, co_window_broadway_b, glass_columns_a,
          hangedman_decor_peaks_small
D:10:     layout_roguey, lair_entry_dummy
D:11:     layout_layer_cave
D:12:     layout_cave_pods
D:13:     minmay_blocky_corners, layout_basic
D:14:     layout_basic, david_vaults_3, chequers_arboretum, uniq_azrael
D:15:     grunt_enter_depths_giant_problem, layout_loops_ring,
          portal_ice_cave_entry_pillars_four, hangedman_abyss_or_decor_stabs,
          serial_shops, nicolae_diamond_shop
Lair:1:   minmay_lair_venomous_thicket, layout_cave_pods,
          dreamdust_mushroom_princess, guppyfry_lair_drakes
Lair:2:   layout_loops_ring, dummy_spider_entry, st_stairs_4,
          beast_lair_carwin_4, uniq_gastronok, uniq_sonja
Lair:3:   layout_cave_pods, minmay_shoals_entry_beasts, serial_bayou,
          serial_bayou_lagoon_a, serial_bayou_ford_a, serial_bayou_pond_e,
          serial_bayou_pond_b, serial_bayou_lake_a, serial_bayou_pond_d
Lair:4:   layout_big_grid, nicolae_lair_lindhole, uniq_nessos
Lair:5:   wormcave, layout_small_grid, guppyfry_lair_end_dragon, slime_entry_1
Shoals:1: layout_shoals, nicolae_shop_vocational
Shoals:2: nicolae_shoals_offshore_bank_account, layout_shoals
Shoals:3: layout_shoals, gammafunk_ghost_berserking_beasts,
          nicolae_shop_firing_range, uniq_polyphemus
Shoals:4: shoals_end_grunt_garden, layout_shoals, serial_shops, bzr_firewalk,
          nicolae_shop_hallway_stairs, nicolae_shop_bloodbath_and_beyond,
          nicolae_shop_trees
Spider:1: layout_chambers, nicolae_spider_claw_tunnel
Spider:2: layout_cave_pods, drop_trap
Spider:3: layout_spider_delve, uniq_nikola
Spider:4: grunt_spider_rune_parallel
Slime:1:  layout_caves
Slime:2:  layout_caves
Orc:1:    layout_diamond_mine, minmay_shop_enchanted_jewellery
Orc:2:    st_orc_open, layout_diamond_mine, serial_shops,
          nicolae_shop_statue_plus, nicolae_shop_behind_doors,
          nicolae_shop_waterfront
Elf:1:    eino_elf_arrival_the_gate, layout_geoelf_diagonals, serial_shops,
          shop, orc_legates, grunt_ministairs_8, elves_outpost_lemuel,
          minmay_shop_star, uniq_louise, uniq_zenata, uniq_kirke
Elf:2:    nicolae_elf_blades_splatter_lattice [mumra_blade_entry_dagger],
          layout_geoelf_octagon, portal_desolation_entry_nicolae_nacl
Elf:3:    elf_hall, layout_geoelf_octagon
Vaults:1: v_misc_8, vaults_room_ringed_pool, vaults_mumra_hex, v_misc_16,
          vaults_standard_mumra_x, hangedman_vaults_corner_blocks, v_pattern_1,
          vaults_room_fours, vaults_room_hangedman_quadrants,
          nicolae_vaults_network_s, vaults_dpeg_ring, ontoclasm_vaults_tryst,
          nicolae_vaults_angled_halls, layout_vaults_ring, serial_shops, shop,
          nicolae_shop_hallway_stairs, nicolae_shop_window_shopping
Vaults:2: minmay_crypt_entry_simple_round, v_alt_pattern_5,
          hangedman_vaults_stagger, gammafunk_sealed_arena, v_alt_pattern_6,
          hangedman_vaults_restitches, nicolae_vaults_triangles,
          hangedman_vaults_locks, grunt_vaults_hallway_long, grunt_vaults_focal,
          nicolae_vaults_circle_grid_b, vaults_dpeg_encased_lava, v_misc_25,
          ontoclasm_vaults_pinch, layout_vaults_maze, serial_shops,
          nicolae_shop_waterfront, uniq_donald
Vaults:3: ebering_ghost_reflecting_pool, nicolae_vaults_alarming,
          vaults_room_fours, vaults_room_boxed, hellmonk_guarded_unrand_gong,
          nicolae_vaults_hallways_thing, dpeg_vaults_monster_box,
          layout_vaults_omnigrid, serial_shops, nicolae_diamond_shop,
          uniq_asterion
Vaults:4: ebering_ghost_gozag, v_misc_17, hangedman_vaults_stretched_pinwheel,
          nicolae_vaults_border_crossing, vaults_room_corners,
          hangedman_vaults_capsules, v_alt_pattern_4, ontoclasm_vaults_idyll,
          v_rooms_4, layout_vaults_big_room
Vaults:5: serial_shops
Crypt:1:  layout_regular_city, gammafunk_ghost_necromancy, grunt_ministairs_14,
          lemuel_mausoleum_altar_yredelemnul
Crypt:2:  layout_chaotic_city, uniq_xtahua, uniq_mennas
Crypt:3:  david_glass_crypt, layout_basic
Depths:1: little_maze_vault, layout_cave_shapes, lemuel_crystal_altar,
          grunt_hell_entry_dis_grunt, nicolae_figureground_sparkle,
          uniq_enchantress
Depths:2: nzn_winding_woodlands_small [nzn_winding_woodlands_5x15_zeroes,
          nzn_winding_woodlands_center_diamonds,
          nzn_winding_woodlands_5x15_pockets], layout_long_grid,
          infiniplex_enter_wizlab_spiral, hell_entry, rand_demon_pan_entry_9,
          nicolae_abyss_entry_one_way_or_another
Depths:3: minmay_inner_zag, layout_honeycomb, enter_ziggurat_e, serial_shops,
          shop, pf_dread_powers_of_hell, minivault_11, abyss_entry
Depths:4: evilmike_zot_entry_round, layout_gridville, hell_entry,
          marbit_kobold_abyss_entry, grunt_decor_resistance, pan_entry
Zot:1:    layout_basic
Zot:2:    layout_gridlike, zot_minivault_4, grunt_megastairs_5
Zot:3:    layout_onion_interference, st_single_dragon_hoard_4
Zot:4:    grunt_zot_stairs_faceoff, layout_onion_interference,
          grunt_ministairs_4, drop_trap, lemuel_lake_of_fire, uniq_grunn
Zot:5:    layout_misc_corridors, door_vault

Notes
Turn   | Place    | Note
-------+----------+-------------------------------------------
     0 | D:1      | MackTheKnife the Demonspawn Artificer began the quest for
                  | the Orb.
     0 | D:1      | Reached XP level 1. HP: 15/15 MP: 1/1
     0 | D:1      | magus.rc [v1.9.6]
    39 | D:1      | Reached skill level 1 in Stealth
   202 | D:1      | Reached skill level 2 in Stealth
   202 | D:1      | Gained mutation: You are partially covered in yellow
                  | scales. (AC +2) [demonic ancestry]
   202 | D:1      | Reached XP level 2. HP: 11/21 MP: 2/2
   461 | D:1      | Reached skill level 2 in Fighting
   595 | D:1      | Reached XP level 3. HP: 23/28 MP: 3/3
   722 | D:1      | Found a faded altar of an unknown god.
  1201 | D:2      | Reached skill level 3 in Fighting
  1337 | D:2      | Found a burning altar of Makhleb.
  1372 | D:2      | Reached skill level 1 in Dodging
  1515 | D:2      | Noticed Terence
  1517 | D:2      | Killed Terence
  1518 | D:2      | Gained mutation: You have a pair of small horns on your
                  | head. [demonic ancestry]
  1518 | D:2      | Reached XP level 4. HP: 35/35 MP: 4/4
  1541 | D:2      | Reached skill level 2 in Dodging
  1845 | D:2      | Reached skill level 1 in Short Blades
  2085 | D:3      | Noticed Jessica
  2091 | D:3      | Killed Jessica
  2092 | D:3      | Reached skill level 2 in Short Blades
  2092 | D:3      | Reached XP level 5. HP: 41/41 MP: 5/5
  2156 | D:3      | Found an iron altar of Okawaru.
  2178 | D:3      | Became a worshipper of Warmaster Okawaru
  2208 | D:3      | Noticed Ijyb
  2222 | D:3      | HP: 10/41 [poisoned by an adder]
  2229 | D:3      | Killed Ijyb
  2628 | D:3      | Noticed Natasha
  2637 | D:3      | Killed Natasha
  2638 | D:3      | Reached skill level 3 in Short Blades
  2738 | D:3      | Noticed Natasha
  2746 | D:3      | Killed Natasha
  2950 | D:4      | Gained mutation: You have a pair of horns on your head.
                  | [demonic ancestry]
  2950 | D:4      | Reached XP level 6. HP: 47/47 MP: 6/6
  2982 | D:4      | Reached skill level 4 in Short Blades
  3029 | D:4      | Found Nuqifuf's Jewellery Shoppe.
  3077 | D:4      | Found a broken altar of Ashenzari.
  3107 | D:4      | Reached * piety under Okawaru
  3129 | D:4      | Reached skill level 5 in Short Blades
  3440 | D:4      | Found a radiant altar of Vehumet.
  3482 | D:5      | Entered Level 5 of the Dungeon
  3538 | D:5      | Noticed an ice beast
  3548 | D:5      | Killed an ice beast
  3549 | D:5      | Gained mutation: A weak demonic guardian rushes to your
                  | aid. [demonic ancestry]
  3549 | D:5      | Reached XP level 7. HP: 45/52 MP: 7/7
  3654 | D:5      | Found an ancient bone altar of Kikubaaqudgha.
  3833 | D:5      | Reached skill level 6 in Short Blades
  3863 | D:5      | Reached ** piety under Okawaru
  3891 | D:5      | Reached skill level 4 in Fighting
  3908 | D:5      | Reached skill level 5 in Fighting
  3951 | D:5      | Reached skill level 3 in Dodging
  3974 | D:5      | Reached XP level 8. HP: 62/62 MP: 8/8
  4125 | D:5      | You pick up a book of Cantrips and begin reading...
  4125 | D:5      | You add the spells Necrotise and Apportation to your
                  | library.
  4497 | D:6      | Found a transporter.
  4528 | D:6      | Reached skill level 4 in Dodging
  4535 | D:6      | Found a staircase to the Ecumenical Temple.
  4641 | D:6      | Found Ulibad's General Store.
  4647 | D:6      | Reached skill level 5 in Dodging
  4647 | D:6      | Reached skill level 2 in Armour
  4666 | D:6      | Found a transporter.
  4666 | D:6      | Noticed Cis's ghost (amateur MiBe)
  4688 | D:6      | Reached *** piety under Okawaru
  4689 | D:6      | Reached skill level 3 in Armour
  4707 | D:6      | Reached skill level 4 in Armour
  4857 | D:6      | You pick up a book of Spectacle and begin reading...
  4857 | D:6      | You add the spells Dazzling Flash, Iskenderun's Mystic
                  | Blast and Starburst to your library.
  5192 | D:6      | Reached skill level 5 in Armour
  5197 | D:6      | Identified the ring of Equleoh {rPois Str+4 Dex+6 Stlth-}
  5401 | D:7      | Gained mutation: Your demonic aura sometimes causes spilled
                  | blood to erupt in flames. [demonic ancestry]
  5401 | D:7      | Reached XP level 9. HP: 51/69 MP: 9/9
  5488 | D:7      | Reached skill level 6 in Fighting
  5631 | D:7      | Reached skill level 7 in Fighting
  5875 | D:7      | Reached **** piety under Okawaru
  6268 | D:8      | Reached skill level 8 in Fighting
  6967 | D:8      | Found Voajaced's General Store.
  6975 | D:8      | Bought a scroll of identify for 28 gold pieces
  7259 | D:8      | Reached skill level 6 in Armour
  7259 | D:8      | Reached skill level 6 in Dodging
  7438 | D:9      | Noticed a troll
  7456 | D:9      | Killed a troll
  7595 | D:9      | Reached ***** piety under Okawaru
  7596 | D:9      | Reached XP level 10. HP: 72/80 MP: 10/10
  7865 | D:9      | Found a shimmering blue altar of Sif Muna.
  8161 | D:9      | Noticed a gargoyle
  8198 | D:9      | HP: 19/80 [orc priest/divine providence (13)]
  8403 | D:9      | Found a hazy altar of Hepliaklqana.
  8534 | D:9      | Reached skill level 7 in Dodging
  8539 | D:9      | Reached skill level 7 in Armour
  8636 | D:9      | Found a staircase to the Orcish Mines.
  8800 | D:9      | Found a broken altar of Ashenzari.
  8833 | D:9      | Found a hide-covered altar of Uskayaw.
  8945 | D:9      | Killed a gargoyle
  8946 | D:9      | Reached skill level 7 in Short Blades
  9001 | D:10     | Entered Level 10 of the Dungeon
  9017 | D:10     | Noticed a two-headed ogre
  9030 | D:10     | Killed a two-headed ogre
  9096 | D:10     | Reached skill level 8 in Short Blades
  9203 | D:10     | Noticed a gargoyle
  9216 | D:10     | Killed a gargoyle
  9334 | D:10     | Noticed a gargoyle
  9341 | D:10     | Killed a gargoyle
  9342 | D:10     | Reached skill level 9 in Short Blades
  9491 | D:10     | Identified the +0 scale mail "Taloegyng" {rElec MP+9 Dex+2}
                  | (Okawaru gifted it to you on level 10 of the Dungeon)
  9491 | D:10     | Received a gift from Okawaru
  9495 | D:10     | Noticed a rust devil
  9698 | D:10     | Found a staircase to the Lair.
  9819 | Lair:1   | Entered Level 1 of the Lair of Beasts
  9939 | Lair:1   | Gained mutation: You have a pair of large horns on your
                  | head. [demonic ancestry]
  9939 | Lair:1   | Reached XP level 11. HP: 70/86 MP: 11/11
 10015 | Lair:1   | Reached skill level 10 in Short Blades
 10321 | Lair:1   | Noticed a wolf spider
 10321 | Lair:1   | Noticed a wolf spider
 10331 | Lair:1   | Killed a wolf spider
 10342 | Lair:1   | Killed a wolf spider
 10474 | Lair:1   | Reached skill level 2 in Invocations
 10491 | Lair:1   | Reached skill level 3 in Invocations
 10509 | Lair:1   | Reached skill level 5 in Invocations
 10513 | Lair:1   | Reached skill level 6 in Invocations
 10646 | Lair:1   | Reached skill level 7 in Invocations
 10805 | Lair:1   | Identified the +5 broad axe "Bajarif" {heavy, rPois rC+
                  | Str-2 Dex+9}
 10826 | Lair:1   | Reached skill level 8 in Invocations
 10840 | Lair:1   | Identified the +5 quick blade "Lutedghi" {venom, *Rage rF+
                  | rC++ Str+4} (Okawaru gifted it to you on level 1 of the
                  | Lair of Beasts)
 10840 | Lair:1   | Received a gift from Okawaru
 10841 | Lair:1   | Reached skill level 9 in Invocations
 10849 | Lair:1   | b - the +5 quick blade "Lutedghi" {venom, *Rage rF+ rC++
                  | Str+4, shortrare=g}
 10850 | Lair:1   | the +5 quick blade "Lutedghi" {venom, *Rage rF+ rC++ Str+4,
                  | shortrare=g} begins to drip with poison!
 10850 | Lair:1   | b - the +5 quick blade "Lutedghi" (weapon) {venom, *Rage
                  | rF+ rC++ Str+4, shortrare=g}
 10893 | Lair:1   | Reached skill level 10 in Invocations
 10956 | Lair:1   | Reached skill level 11 in Invocations
 11161 | Lair:1   | Gained mutation: A demonic guardian rushes to your aid.
                  | [demonic ancestry]
 11161 | Lair:1   | Reached XP level 12. HP: 92/92 MP: 20/20
 11316 | Lair:2   | Reached ****** piety under Okawaru
 11321 | Lair:2   | Noticed a seven-headed hydra
 11324 | Lair:2   | Reached skill level 12 in Invocations
 11334 | Lair:2   | Killed a seven-headed hydra
 11362 | Lair:2   | Received a gift from Okawaru
 11529 | Lair:2   | Reached skill level 1 in Shields
 11535 | Lair:2   | Reached skill level 2 in Shields
 11586 | Lair:2   | Reached skill level 3 in Shields
 11710 | Lair:2   | You pick up a book of the Moon and begin reading...
 11710 | Lair:2   | You add the spells Passage of Golubria, Silence and
                  | Lehudib's Crystal Spear to your library.
 11756 | Lair:2   | Found a hole to the Spider Nest.
 11796 | Lair:2   | Noticed Sonja
 11809 | Lair:2   | You are cast into the Abyss!
 11809 | Abyss:1  | Cast into level 1 of the Abyss (Sonja)
 11893 | Abyss:1  | Reached skill level 4 in Shields
 11920 | Abyss:1  | Noticed a starcursed mass
 11992 | Abyss:1  | Noticed a starcursed mass
 12105 | Abyss:1  | Noticed a naga warrior
 12125 | Abyss:1  | Your damage rating with the +5 quick blade "Lutedghi"
                  | {venom, *Rage rF+ rC++ Str+4, shortrare=g} is about 12
                  | (Base 4 x 132% (Dex) x 137% (Skill) + 5 (Ench)).
 12163 | Abyss:1  | Reached skill level 5 in Shields
 12166 | Abyss:1  | Found a corrupted altar of Lugonu.
 12217 | Abyss:1  | Noticed a lich
 12240 | Abyss:1  | Reached skill level 6 in Shields
 12328 | Abyss:1  | Noticed a tentacled starspawn
 12339 | Abyss:1  | Killed a tentacled starspawn
 12455 | Lair:2   | You pass through the gate.
 12455 | Lair:2   | Escaped the Abyss
 12595 | Lair:3   | Reached skill level 7 in Shields
 12650 | Lair:3   | Found a staircase to the Shoals.
 13052 | Lair:3   | Reached skill level 8 in Shields
 13443 | Lair:4   | You pick up a book of Unlife and begin reading...
 13536 | Lair:4   | Noticed Nessos
 13542 | Lair:4   | Nessos changed into Nessos the moth of wrath
 13542 | Lair:4   | Noticed Nessos
 13549 | Lair:4   | Killed Nessos the moth of wrath
 13800 | Lair:4   | Reached XP level 13. HP: 84/98 MP: 22/22
 13969 | Lair:4   | Reached skill level 9 in Shields
 13982 | Lair:4   | Received a gift from Okawaru
 14105 | Lair:5   | Entered Level 5 of the Lair of Beasts
 14234 | Lair:5   | Reached skill level 10 in Shields
 14532 | Lair:5   | Reached skill level 11 in Shields
 14554 | Lair:5   | Identified the +2 short sword of Binisi {antimagic, Dex+3}
                  | (Okawaru gifted it to you on level 5 of the Lair of Beasts)
 14554 | Lair:5   | Received a gift from Okawaru
 15176 | Lair:5   | Reached skill level 12 in Shields
 15228 | Lair:5   | Found a staircase to the Slime Pits.
 15283 | Lair:5   | Identified the +1 cloak of Eternity {Slay+4} (Okawaru
                  | gifted it to you on level 5 of the Lair of Beasts)
 15283 | Lair:5   | Received a gift from Okawaru
 15310 | Lair:5   | You pick up a book of the Spheres and begin reading...
 15310 | Lair:5   | You add the spells Iskenderun's Battlesphere, Fireball,
                  | Conjure Ball Lightning and Orb of Destruction to your
                  | library.
 15359 | Lair:5   | Found a runed translucent door.
 15476 | Lair:5   | Reached skill level 13 in Shields
 15744 | Lair:5   | Gained mutation: Your demonic aura often causes spilled
                  | blood to erupt in flames. [demonic ancestry]
 15744 | Lair:5   | Reached XP level 14. HP: 105/105 MP: 23/23
 16393 | Lair:2   | Killed Sonja
 16510 | Lair:2   | You pick up a book of Cantrips and begin reading...
 16523 | Lair:2   | Noticed Gastronok
 16534 | Lair:2   | Killed Gastronok
 16535 | Lair:2   | Reached skill level 14 in Shields
 16991 | Orc:1    | Entered Level 1 of the Orcish Mines
 17059 | Orc:2    | Entered Level 2 of the Orcish Mines
 17214 | Orc:2    | Found Diezolen's Assorted Antiques.
 17228 | Orc:2    | Bought a potion of curing for 75 gold pieces
 17232 | Orc:2    | Found a staircase to the Elven Halls.
 17296 | Orc:2    | Found Qucan's Antique Weapon Emporium.
 17299 | Orc:2    | Bought an ancient rapier for 234 gold pieces
 17299 | Orc:2    | Identified the +9 rapier "Kunkuc" {venom, Fly} (You bought
                  | it in a shop on level 2 of the Orcish Mines)
 17372 | Orc:2    | Found Ximosur's Antique Weapon Boutique.
 17376 | Orc:2    | Found Naiq's Magic Scroll Shop.
 17422 | Orc:2    | Identified the +1 short sword "Oseh Vej" {speed, Stlth+}
                  | (Okawaru gifted it to you on level 2 of the Orcish Mines)
 17422 | Orc:2    | Received a gift from Okawaru
 17429 | Orc:2    | Reached skill level 15 in Shields
 17535 | Orc:2    | HP: 22/105 [ogre/+0 giant spiked club (21)]
 17898 | Orc:2    | Found Reuluigg's Magic Scroll Shoppe.
 17905 | Orc:2    | Bought a scroll of enchant armour for 97 gold pieces
 17905 | Orc:2    | Bought a scroll of identify for 26 gold pieces
 17905 | Orc:2    | Bought a scroll of identify for 26 gold pieces
 17905 | Orc:2    | Bought a scroll of identify for 26 gold pieces
 17908 | Orc:2    | Bought a scroll of identify for 26 gold pieces
 17911 | Orc:2    | Found Neibine's Armour Boutique.
 17920 | Orc:2    | Bought the +5 ring mail "Bust" {Str+2} for 482 gold pieces
 17956 | Orc:2    | Found Gosaim's Armour Shoppe.
 17993 | Orc:2    | Bought the +2 kite shield of the Enchanted Forest {Str+5
                  | Dex-3 SInv Stlth+} for 457 gold pieces
 18241 | Orc:1    | Found Fanamm's Jewellery Shop.
 18573 | D:11     | Reached skill level 9 in Fighting
 19500 | D:12     | Your damage rating with the +5 quick blade "Lutedghi"
                  | {venom, *Rage rF+ rC++ Str+4, shortrare=g} is about 16
                  | (Base 4 x 125% (Dex) x 139% (Skill) + 9 (Ench + Slay)).
 19517 | D:12     | Identified the +5 crystal plate armour "Bezutz" {Int+2
                  | Dex-3 SInv} (Okawaru gifted it to you on level 12 of the
                  | Dungeon)
 19517 | D:12     | Received a gift from Okawaru
 19518 | D:12     | p - the +5 crystal plate armour "Bezutz" {Int+2 Dex-3 SInv,
                  | rare=g}
 19529 | D:12     | You finish putting on the +5 crystal plate armour "Bezutz"
                  | {Int+2 Dex-3 SInv, rare=g}.
 19529 | D:12     | Your damage rating with the +5 quick blade "Lutedghi"
                  | {venom, *Rage rF+ rC++ Str+4, shortrare=g} is about 15
                  | (Base 4 x 117% (Dex) x 140% (Skill) + 9 (Ench + Slay)).
 19531 | D:12     | Your damage rating with the +5 quick blade "Lutedghi"
                  | {venom, *Rage rF+ rC++ Str+4, shortrare=g} is about 15
                  | (Base 4 x 117% (Dex) x 140% (Skill) + 9 (Ench + Slay)).
 20414 | D:13     | Reached skill level 10 in Fighting
 20537 | D:13     | Gained mutation: You punish those that try to bend your
                  | will. (Will+) [demonic ancestry]
 20537 | D:13     | Reached XP level 15. HP: 115/115 MP: 24/24
 20706 | D:13     | Reached skill level 8 in Armour
 21107 | D:13     | Identified the +0 falchion "Qaread" {vamp, rN++ rCorr Str+3
                  | Dex-5}
 21355 | D:6      | Bought a scroll of blinking for 105 gold pieces
 21827 | D:14     | Reached skill level 11 in Fighting
 21920 | D:14     | Noticed Azrael
 21935 | D:14     | Killed Azrael
 21967 | D:14     | Reached skill level 9 in Armour
 22092 | D:14     | Received a gift from Okawaru
 22438 | D:14     | Noticed Rupert
 22467 | D:14     | Killed Rupert
 22467 | D:14     | Received a gift from Okawaru
 22496 | D:14     | Found a gate to the Vaults.
 22542 | D:14     | Reached skill level 12 in Fighting
 22918 | D:15     | Entered Level 15 of the Dungeon
 22935 | D:15     | Found Coacirun's Book Shop.
 22970 | D:15     | Found a staircase to the Depths.
 23010 | D:15     | Reached skill level 10 in Armour
 23436 | D:15     | Found a frozen archway.
 23439 | D:15     | Received a gift from Okawaru
 23455 | IceCv    | Entered an ice cave
 23955 | IceCv    | Reached XP level 16. HP: 129/129 MP: 25/25
 23987 | IceCv    | Noticed an Ice Fiend
 24004 | IceCv    | Killed an Ice Fiend
 24005 | IceCv    | Reached skill level 13 in Fighting
 24008 | IceCv    | You pick up a book of Ice and begin reading...
 24008 | IceCv    | You add the spells Freezing Cloud and Polar Vortex to your
                  | library.
 24198 | D:15     | Reached skill level 11 in Armour
 24823 | Spider:1 | Entered Level 1 of the Spider Nest
 25442 | Spider:1 | Your damage rating with the +5 quick blade "Lutedghi"
                  | {venom, *Rage rF+ rC++ Str+4, shortrare=g} is about 17
                  | (Base 4 x 125% (Dex) x 171% (Skill) + 9 (Ench + Slay)).
 25452 | Spider:1 | Reached skill level 4 in Evocations
 25709 | Spider:1 | Reached skill level 5 in Evocations
 25970 | Spider:1 | Identified the +9 plate armour of Tuik {Dex+4} (Okawaru
                  | gifted it to you on level 1 of the Spider Nest)
 25970 | Spider:1 | Received a gift from Okawaru
 26098 | Spider:1 | Reached skill level 6 in Evocations
 26624 | Spider:1 | Identified the +7 whip "Tafyff" {heavy, rElec}
 26873 | Spider:1 | You finish taking off the +5 crystal plate armour "Bezutz"
                  | {Int+2 Dex-3 SInv, rare=g}.
 26878 | Spider:1 | You drop the +5 crystal plate armour "Bezutz" {Int+2 Dex-3
                  | SInv, rare=g}.
 26913 | Spider:2 | magus.rc [v1.9.6]
 27015 | Spider:2 | Reached skill level 7 in Evocations
 27328 | Spider:2 | Reached skill level 8 in Evocations
 27769 | Spider:2 | Reached skill level 14 in Fighting
 28151 | Spider:3 | Noticed Nikola
 28360 | Spider:3 | Reached skill level 12 in Armour
 28396 | Spider:3 | Killed Nikola
 28461 | Spider:3 | Received a gift from Okawaru
 29002 | Spider:3 | Reached XP level 17. HP: 138/139 MP: 26/26
 29008 | Spider:3 | Reached skill level 13 in Armour
 29249 | Spider:3 | Identified the +1 helmet of the Dragon {+Blink rC+ Int-2}
 29408 | Spider:4 | Entered Level 4 of the Spider Nest
 29840 | Spider:4 | Received a gift from Okawaru
 29960 | Spider:4 | Reached skill level 14 in Armour
 30099 | Spider:4 | You pick up a book of Transfigurations {@e2} and begin
                  | reading...
 30099 | Spider:4 | You add the spells Irradiate, Blade Hands and Dragon Form
                  | to your library.
 30124 | Spider:4 | You pick up a book of Transfigurations {@e2} and begin
                  | reading...
 30237 | Spider:4 | Reached skill level 8 in Dodging
 30736 | Spider:4 | Reached skill level 9 in Dodging
 30771 | Spider:4 | Got a gossamer rune of Zot
 31117 | Shoals:1 | Entered Level 1 of the Shoals
 31562 | Lair:3   | the +5 quick blade "Lutedghi" {venom, *Rage rF+ rC++ Str+4,
                  | shortrare=g} stops dripping with poison.
 31585 | Shoals:1 | Found Tolupp's Vocational Training.
 31604 | Shoals:1 | Bought a manual of Evocations for 960 gold pieces
 32391 | Shoals:1 | Reached skill level 10 in Dodging
 32484 | Shoals:2 | Reached skill level 9 in Evocations
 32648 | Shoals:2 | Reached skill level 10 in Evocations
 32841 | Shoals:2 | Found a runed translucent door.
 33203 | Shoals:2 | Reached skill level 11 in Evocations
 33721 | Shoals:2 | Reached skill level 12 in Evocations
 33871 | Shoals:2 | Acquired a manual of Fighting
 34155 | Shoals:3 | Reached skill level 13 in Evocations
 34184 | Shoals:3 | Gained mutation: You are mostly covered in yellow scales.
                  | (AC +3) [demonic ancestry]
 34184 | Shoals:3 | Reached XP level 18. HP: 138/146 MP: 27/27
 34204 | Shoals:3 | Found a transporter.
 34207 | Shoals:3 | Noticed dunno567's ghost (adept MiHu)
 34260 | Shoals:3 | Found a transporter.
 34520 | Shoals:3 | Noticed Polyphemus
 34530 | Shoals:3 | Killed Polyphemus
 34531 | Shoals:3 | Reached skill level 14 in Evocations
 34623 | Shoals:3 | Found Jotok's Firing Range.
 34847 | Shoals:4 | Entered Level 4 of the Shoals
 34854 | Shoals:4 | Received a gift from Okawaru
 34871 | Shoals:4 | w - a +5 eveningstar of draining {macerare=g}
 34878 | Shoals:4 | Found a flickering gateway to a bazaar.
 34887 | Bazaar   | Entered a bazaar
 34887 | Bazaar   | Found Buetuph's Antique Armour Shoppe.
 34887 | Bazaar   | Found Fuat's Book Boutique.
 34905 | Bazaar   | Found Karcho Vozuwu's General Store.
 34924 | Bazaar   | Found Edel's Antique Weapon Emporium.
 34932 | Bazaar   | Found Zujo's Magic Scroll Emporium.
 34940 | Bazaar   | Bought a scroll of acquirement for 572 gold pieces
 34940 | Bazaar   | Bought a scroll of brand weapon for 104 gold pieces
 34967 | Bazaar   | Acquired a manual of Fighting
 34987 | Bazaar   | Bought a potion of heal wounds for 40 gold pieces
 35051 | Shoals:4 | Identified the +9 rapier of Yxaqacw {heavy, rC++ Will-
                  | Int+8}
 35110 | Shoals:4 | Reached skill level 15 in Fighting
 35231 | Shoals:4 | Identified the +9 triple sword "Zuqysh" {flame, Int+4}
 35293 | Shoals:4 | X - the +9 triple sword "Zuqysh" {flame, Int+4, longrare=g}
 35439 | Shoals:4 | Reached skill level 16 in Fighting
 35549 | Shoals:4 | Got a barnacled rune of Zot
 35554 | Shoals:4 | Received a gift from Okawaru
 35648 | Shoals:4 | Found Ineu's Jewellery Shop.
 35686 | Shoals:4 | Found Ahaeji's Distillery.
 35738 | Shoals:4 | Found Ahil's Weapon Emporium.
 35976 | Shoals:4 | Reached skill level 17 in Fighting
 36294 | Shoals:4 | You drop the +9 triple sword "Zuqysh" {flame, Int+4,
                  | longrare=g}.
 36561 | Vaults:1 | Entered Level 1 of the Vaults
 36667 | Vaults:1 | Reached skill level 18 in Fighting
 37111 | Vaults:1 | Reached skill level 19 in Fighting
 37378 | Vaults:1 | Found Agoah's Weapon Shop.
 37465 | Vaults:1 | Received a gift from Okawaru
 37647 | Vaults:1 | Noticed a lich
 37655 | Vaults:1 | Killed a lich
 37687 | Vaults:1 | Identified the +8 great sword of Autumn {venom, rN+ Str+2}
 37778 | Vaults:1 | Reached skill level 20 in Fighting
 37813 | Vaults:1 | Found Roz Koja's Weapon Emporium.
 38393 | Vaults:1 | Found Cisyumpu's Armour Boutique.
 38517 | Vaults:2 | Reached skill level 21 in Fighting
 38528 | Vaults:2 | Reached XP level 19. HP: 172/172 MP: 28/28
 38933 | Vaults:2 | Reached skill level 1 in Maces & Flails
 39010 | Vaults:2 | Reached skill level 2 in Maces & Flails
 39028 | Vaults:2 | Reached skill level 3 in Maces & Flails
 39278 | Vaults:2 | Found a staircase to the Crypt.
 39292 | Vaults:2 | Reached skill level 4 in Maces & Flails
 39389 | Vaults:2 | Received a gift from Okawaru
 39438 | Vaults:2 | Reached skill level 5 in Maces & Flails
 39519 | Vaults:2 | Reached skill level 6 in Maces & Flails
 39797 | Vaults:2 | Found Cexiuz Kuud's Assorted Antiques.
 39841 | Vaults:2 | Noticed Donald
 39853 | Vaults:2 | Killed Donald
 39968 | Vaults:2 | Found a transporter.
 39972 | Vaults:2 | Identified the ring of Taoxzipo {rPois rC+ Will++ Int+6
                  | Stlth+}
 39972 | Vaults:2 | Identified the ring "Bempadd" {rCorr Int+3}
 39981 | Vaults:2 | Found a transporter.
 40028 | Vaults:2 | Reached skill level 7 in Maces & Flails
 40588 | Vaults:3 | Noticed Asterion
 40602 | Vaults:3 | Killed Asterion
 40785 | Vaults:3 | Reached skill level 8 in Maces & Flails
 41314 | Vaults:3 | Identified a potion of experience
 41319 | Vaults:3 | Reached skill level 9 in Maces & Flails
 41319 | Vaults:3 | Reached XP level 20. HP: 182/182 MP: 29/29
 41377 | Vaults:3 | Found Vushroph's Book Shoppe.
 41389 | Vaults:3 | Bought a book of Changes for 270 gold pieces
 41389 | Vaults:3 | You pick up a book of Changes and begin reading...
 41389 | Vaults:3 | You add the spells Beastly Appendage, Wereblood and Spider
                  | Form to your library.
 41392 | Vaults:3 | Learned a level 2 spell: Wereblood
 41494 | Vaults:3 | Reached skill level 10 in Maces & Flails
 41508 | Vaults:3 | Found a runed translucent door.
 41719 | Vaults:3 | Identified the +12 chain mail of the Serpent {rPois rC+++
                  | rCorr Dex-4} (Okawaru gifted it to you on level 3 of the
                  | Vaults)
 41719 | Vaults:3 | Received a gift from Okawaru
 42151 | Vaults:3 | Reached skill level 11 in Maces & Flails
 42268 | Vaults:3 | Found the +18 shield of the Gong {rElec rN+ Will+ EV-5}
 42446 | Vaults:3 | Noticed Aram's ghost (adept AtMo)
 42502 | Vaults:3 | Killed Aram's ghost
 42581 | Vaults:3 | Acquired 1027 gold pieces
 42924 | Vaults:4 | Gained mutation: You are completely covered in yellow
                  | scales. (AC +4, rCorr) [demonic ancestry]
 42924 | Vaults:4 | Reached XP level 21. HP: 185/188 MP: 30/30
 42946 | Vaults:4 | Reached skill level 12 in Maces & Flails
 43170 | Vaults:4 | Reached skill level 13 in Maces & Flails
 43391 | Vaults:4 | Found a runed translucent gate.
 43391 | Vaults:4 | Found a runed translucent gate.
 43391 | Vaults:4 | Found a runed translucent gate.
 43391 | Vaults:4 | Found an opulent altar of Gozag.
 43391 | Vaults:4 | Noticed Uquewn Suowu's ghost (veteran GnWr)
 43391 | Vaults:4 | Noticed a dread lich
 43393 | Vaults:4 | Found Ammyaj's Assorted Antiques.
 43473 | Vaults:4 | w - a +5 eveningstar of draining (weapon) {macerare=g}
 43474 | Vaults:4 | Your damage rating with your +5 eveningstar of draining
                  | {macerare=g} is about 43 (Base 15 x 135% (Str) x 172%
                  | (Skill) + 9 (Ench + Slay)).
 43474 | Vaults:4 | your +5 eveningstar of draining {macerare=g} glows red for
                  | a moment.
 43475 | Vaults:4 | your +6 eveningstar of draining {macerare=g} glows red for
                  | a moment.
 43476 | Vaults:4 | your +7 eveningstar of draining {macerare=g} glows red for
                  | a moment.
 43477 | Vaults:4 | your +8 eveningstar of draining {macerare=g} glows red for
                  | a moment.
 43523 | Vaults:4 | Your damage rating with your +9 eveningstar of draining
                  | {macerare=g} is about 47 (Base 15 x 135% (Str) x 172%
                  | (Skill) + 13 (Ench + Slay)).
 44351 | Vaults:3 | You drop the +5 quick blade "Lutedghi" {venom, *Rage rF+
                  | rC++ Str+4, shortrare=g}.
 44496 | Depths:1 | Entered Level 1 of the Depths
 44590 | Depths:1 | Reached skill level 14 in Maces & Flails
 44596 | Depths:1 | You fall into a shaft and drop 1 floor!
 44603 | Depths:2 | Found a one-way gate to the infinite horrors of the Abyss.
 44603 | Depths:2 | Noticed Louise
 44609 | Depths:2 | Killed Louise
 44723 | Depths:2 | Found a magical portal.
 44758 | WizLab   | Entered Lehudib's Moon Base
 45165 | WizLab   | Received a gift from Okawaru
 45170 | WizLab   | Reached skill level 15 in Maces & Flails
 45342 | WizLab   | Paralysed by accursed screaming for 1 turns
 45569 | WizLab   | Identified the ring "Aciev" {Ice rN+ MP+9 Int+4}
 45663 | WizLab   | Found a transporter.
 45991 | WizLab   | Found a transporter.
 46177 | WizLab   | a moon troll comes into view. It is wearing the +4 moon
                  | troll leather armour {Spirit, Regen++ MP+5}.
 46180 | WizLab   | Reached skill level 16 in Maces & Flails
 46187 | WizLab   | Here: a moon troll, wearing the +4 moon troll leather
                  | armour {Spirit, Regen++ MP+5}
 46187 | WizLab   | Here: a moon troll, wearing the +4 moon troll leather
                  | armour {Spirit, Regen++ MP+5}
 46202 | WizLab   | Reached skill level 1 in Spellcasting
 46202 | WizLab   | Reached skill level 1 in Transmutations
 46346 | WizLab   | Identified the amulet "Neyluare" {RegenMP rPois}
 46428 | Depths:2 | Identified the +9 spear of Kujavace {antimagic, rC+ Will+}
 46440 | Depths:2 | Received a gift from Okawaru
 46490 | Depths:2 | Found a gateway to Hell.
 46634 | Depths:2 | Reached skill level 2 in Transmutations
 46687 | Depths:2 | Found a one-way gate leading to the halls of Pandemonium.
 46701 | Depths:2 | Reached skill level 3 in Transmutations
 46790 | Depths:2 | You pick up a book of Rime and begin reading...
 46790 | Depths:2 | You add the spells Frozen Ramparts and Ice Form to your
                  | library.
 46887 | Depths:2 | a +2 buckler; a +0 robe; a +0 quick blade of freezing
                  | {shortrare=g}
 46887 | Depths:2 | a +2 buckler; a +0 robe; a +0 quick blade of freezing
                  | {shortrare=g}
 46887 | Depths:2 | Could not pick up a +0 quick blade of freezing
                  | {shortrare=g} here; ([A]lways) ignore it?
 46887 | Depths:2 | Could not pick up a +0 quick blade of freezing
                  | {shortrare=g} here; ([A]lways) ignore it?
 47330 | Depths:1 | Noticed a golden dragon
 47348 | Depths:1 | Reached skill level 4 in Transmutations
 47614 | Depths:1 | Killed a golden dragon
 47614 | Depths:1 | Identified +0 gold dragon scales
 47615 | Depths:1 | Reached XP level 22. HP: 129/196 MP: 24/31
 47616 | Depths:1 | +0 gold dragon scales {rare}; a golden dragon corpse
 47631 | Depths:1 | Reached skill level 5 in Transmutations
 47696 | Depths:1 | +0 gold dragon scales {rare}; a golden dragon corpse
 47696 | Depths:1 | c - +0 gold dragon scales {rare}
 47697 | Depths:1 | your +0 gold dragon scales {rare} glow green for a moment.
 47698 | Depths:1 | your +1 gold dragon scales {rare} glow green for a moment.
 47953 | Depths:1 | Noticed the Enchantress
 47953 | Depths:1 | The Enchantress is wielding a +1 heavy flail, wearing the
                  | +1 faerie dragon scales {-Tele +Inv rCorr Str+8 Int+2} and
                  | wearing a +1 buckler of fire resistance.
 47971 | Depths:1 | Reached skill level 6 in Transmutations
 47976 | Depths:1 | Killed the Enchantress
 48009 | Depths:1 | x - a +2 quick blade of flaming {shortrare=g}
 48162 | Depths:1 | Reached skill level 2 in Spellcasting
 48641 | Depths:1 | Reached skill level 3 in Spellcasting
 48642 | Depths:1 | Identified the ring "Avip Lisid" {rF- rC+ rN+ MP+9}
 48648 | Depths:1 | Reached skill level 7 in Transmutations
 48826 | Depths:1 | You add the spells Anguish and Agony to your library.
 48826 | Depths:1 | Got the Disquisition on the Dead
 48828 | Depths:1 | Identified the +3 shortbow of Overwhelming Force {speed,
                  | rPois rC++ MP+9 Int-4}
 48936 | Depths:1 | You drop a +2 quick blade of flaming {shortrare=g}.
 49055 | Depths:3 | Found a one-way gateway to a ziggurat.
 49076 | Depths:3 | Reached skill level 4 in Spellcasting
 49093 | Depths:3 | You pick up a book of Scorching and begin reading...
 49093 | Depths:3 | You add the spells Scorch and Flame Wave to your library.
 49096 | Depths:3 | Received a gift from Okawaru
 49261 | Depths:3 | Identified the +0 robe "Hiarphone" {rElec Dex+3 Slay-4}
 49346 | Depths:3 | Reached skill level 8 in Transmutations
 49471 | Depths:3 | Reached skill level 5 in Spellcasting
 49489 | Depths:3 | You add the spells Blink, Manifold Assault and Storm Form
                  | to your library.
 49590 | Depths:3 | Found Ynaowk's Jewellery Emporium.
 50113 | Depths:3 | Reached skill level 6 in Spellcasting
 50554 | Depths:4 | Entered Level 4 of the Depths
 50753 | Depths:4 | Reached skill level 9 in Transmutations
 51130 | Depths:4 | Identified the +1 leather armour of Mirth {Will+ Dex+4
                  | SInv}
 51162 | Depths:4 | Reached skill level 15 in Evocations
 51173 | Depths:4 | Identified the +2 pair of boots of Freedom {rC- rCorr
                  | Dex+2} (Okawaru gifted it to you on level 4 of the Depths)
 51173 | Depths:4 | Received a gift from Okawaru
 51594 | Depths:4 | Noticed a golden dragon
 51608 | Depths:4 | Killed a golden dragon
 51608 | Depths:4 | Identified +0 gold dragon scales
 51610 | Depths:4 | +0 gold dragon scales {rare}; a golden dragon corpse
 51628 | Depths:4 | +0 gold dragon scales {rare}; a golden dragon corpse
 51628 | Depths:4 | +0 gold dragon scales {rare}; a golden dragon corpse
 51628 | Depths:4 | Could not pick up +0 gold dragon scales {rare} here;
                  | ([A]lways) ignore it?
 51628 | Depths:4 | Could not pick up +0 gold dragon scales {rare} here;
                  | ([A]lways) ignore it?
 51628 | Depths:4 | Could not pick up +0 gold dragon scales {rare} here;
                  | ([A]lways) ignore it?
 51634 | Depths:4 | +0 gold dragon scales {rare}; a golden dragon corpse
 51669 | Depths:4 | +0 gold dragon scales {rare}; a golden dragon corpse
 51672 | Depths:4 | +0 gold dragon scales {rare}; a golden dragon corpse
 51771 | Depths:4 | +0 gold dragon scales {rare}; a golden dragon corpse
 51817 | Depths:4 | Reached skill level 16 in Evocations
 51849 | Depths:4 | Found a gate to the Realm of Zot.
 52418 | Vaults:5 | Entered Level 5 of the Vaults
 52449 | Vaults:5 | Reached skill level 22 in Fighting
 52501 | Vaults:5 | Noticed an ancient lich
 52506 | Vaults:5 | Reached skill level 16 in Shields
 52506 | Vaults:5 | Reached XP level 23. HP: 192/203 MP: 29/32
 52519 | Vaults:5 | Killed an ancient lich
 52536 | Vaults:5 | Your damage rating with your +9 eveningstar of draining
                  | {macerare=g} is about 63 (Base 15 x 135% (Str) x 205%
                  | (Skill) + 22 (Ench + Slay)).
 52567 | Vaults:5 | Identified the ring "Ixytul" {rF+ EV+5}
 52682 | Vaults:5 | +0 shadow dragon scales {rare}; a shadow dragon corpse
 52813 | Vaults:5 | Reached skill level 17 in Shields
 52827 | Vaults:5 | You pick up a book of Power and begin reading...
 52829 | Vaults:5 | You pick up a book of the Warp and begin reading...
 52829 | Vaults:5 | You add the spells Dispersal and Disjunction to your
                  | library.
 52835 | Vaults:5 | Identified the +0 plate armour "Ohuug" {Rampage rElec
                  | Regen+ Int-2}
 52855 | Vaults:5 | +0 shadow dragon scales {rare}; a shadow dragon skeleton
 52855 | Vaults:5 | +0 shadow dragon scales {rare}; a shadow dragon skeleton
 52855 | Vaults:5 | Could not pick up +0 shadow dragon scales {rare} here;
                  | ([A]lways) ignore it?
 53174 | Vaults:5 | Identified +0 gold dragon scales
 53176 | Vaults:5 | +0 gold dragon scales {rare}; a potion of heal wounds
                  | {@q2}; a golden dragon corpse
 53198 | Vaults:5 | Got a silver rune of Zot
 53200 | Vaults:5 | Reached skill level 18 in Shields
 53201 | Vaults:5 | your +2 gold dragon scales {rare} glow green for a moment.
 53213 | Vaults:5 | Identified the +9 sling of Gahiti Keusa {freeze, rPois rF++
                  | rC- Int+3}
 53303 | Vaults:5 | +0 shadow dragon scales {rare}; a shadow dragon corpse
 53520 | Vaults:5 | You pick up a book of the Tundra and begin reading...
 53527 | Vaults:5 | You add the spells Searing Ray and Lightning Bolt to your
                  | library.
 53527 | Vaults:5 | Got the Compilation of the Brume and Momentum
 53604 | Vaults:5 | Reached skill level 19 in Shields
 53642 | Vaults:5 | +0 storm dragon scales {rare}; a storm dragon corpse
 53642 | Vaults:5 | +0 storm dragon scales {rare}; a storm dragon corpse
 53642 | Vaults:5 | Could not pick up +0 storm dragon scales {rare} here;
                  | ([A]lways) ignore it?
 53642 | Vaults:5 | Could not pick up +0 storm dragon scales {rare} here;
                  | ([A]lways) ignore it?
 53709 | Vaults:5 | quicksilver dragon scales {rare}; a quicksilver dragon
                  | skeleton
 53709 | Vaults:5 | quicksilver dragon scales {rare}; a quicksilver dragon
                  | skeleton
 53709 | Vaults:5 | Could not pick up quicksilver dragon scales {rare} here;
                  | ([A]lways) ignore it?
 53778 | Vaults:5 | your +3 gold dragon scales {rare} glow green for a moment.
 54157 | Vaults:5 | a +0 executioner's axe {axerare=g}; a +0 plate armour; a
                  | human corpse
 54166 | Vaults:5 | a +0 executioner's axe {axerare=g}; a +0 plate armour; a
                  | human corpse
 54181 | Vaults:5 | a +0 executioner's axe {axerare=g}; a +0 plate armour; a
                  | human corpse
 54181 | Vaults:5 | a +0 executioner's axe {axerare=g}; a +0 plate armour; a
                  | human corpse
 54181 | Vaults:5 | Could not pick up a +0 executioner's axe {axerare=g} here;
                  | ([A]lways) ignore it?
 54183 | Vaults:5 | a +0 executioner's axe {axerare}; a +0 plate armour; a
                  | human corpse
 54209 | Vaults:5 | You add the spells Leda's Liquefaction and Yara's Violent
                  | Unravelling to your library.
 54209 | Vaults:5 | Got the Compilation of the Glowing Lithosphere
 54229 | Vaults:5 | You add the spells Sting, Poisonous Vapours and Olgreb's
                  | Toxic Radiance to your library.
 54543 | Vaults:5 | Identified the ring of Sifuceb {Int+5 SInv Stlth+}
 54620 | Vaults:5 | You pick up a book of Death and begin reading...
 54691 | Vaults:5 | Identified the ring "Ahuuseg" {rC- rN+ Will+ rCorr Str+4}
 55225 | Elf:1    | Entered Level 1 of the Elven Halls
 55308 | Elf:1    | Found Suuwki's Distillery.
 55310 | Elf:1    | Noticed Zenata
 55311 | Elf:1    | Found Xassad's Jewellery Shoppe.
 55333 | Elf:1    | Killed Zenata
 55419 | Elf:1    | Found Nuczah's Distillery.
 55428 | Elf:1    | Bought the amulet of Qurchien {Reflect rCorr Dex+3 SH+5}
                  | for 586 gold pieces
 55442 | Elf:1    | Bought a potion of heal wounds for 65 gold pieces
 55442 | Elf:1    | Bought a potion of heal wounds for 65 gold pieces
 55442 | Elf:1    | Bought a potion of heal wounds for 65 gold pieces
 55442 | Elf:1    | Bought a potion of heal wounds for 65 gold pieces
 55442 | Elf:1    | Bought 2 potions of haste for 260 gold pieces
 55442 | Elf:1    | Bought a potion of invisibility for 104 gold pieces
 55651 | Elf:1    | You add the spells Gell's Gravitas and Teleport Other to
                  | your library.
 55776 | Elf:1    | Found Coenong's Distillery.
 55789 | Elf:1    | Bought a potion of heal wounds for 65 gold pieces
 55789 | Elf:1    | Bought a potion of mutation for 104 gold pieces
 55918 | Elf:1    | Gained mutation: You are covered in fur. (AC +1) [potion of
                  | mutation]
 55918 | Elf:1    | Gained mutation: You are weak. (Str -2) [potion of
                  | mutation]
 55919 | Elf:1    | Lost mutation: You are covered in fur. (AC +1) [potion of
                  | mutation]
 55919 | Elf:1    | Lost mutation: You are weak. (Str -2) [potion of mutation]
 55919 | Elf:1    | Gained mutation: You are vulnerable to cold. (rC-) [potion
                  | of mutation]
 55919 | Elf:1    | Gained mutation: You are clumsy. (Dex -2) [potion of
                  | mutation]
 55919 | Elf:1    | Lost mutation: You are vulnerable to cold. (rC-) [potion of
                  | mutation]
 55920 | Elf:1    | Lost mutation: You are clumsy. (Dex -2) [potion of
                  | mutation]
 55920 | Elf:1    | Gained mutation: Your flesh is heat resistant. (rF+)
                  | [potion of mutation]
 55920 | Elf:1    | Gained mutation: You passively dampen the noise of your
                  | surroundings. [potion of mutation]
 55988 | Elf:1    | Noticed Kirke
 55999 | Elf:1    | Killed Kirke
 56005 | Elf:1    | Paralysed by an air elemental for 1 turns
 56031 | Elf:1    | Reached skill level 20 in Shields
 56034 | Elf:1    | Gained mutation: A powerful demonic guardian rushes to your
                  | aid. [demonic ancestry]
 56034 | Elf:1    | Reached XP level 24. HP: 97/210 MP: 19/32
 56376 | Elf:1    | Found a runed translucent gate.
 56376 | Elf:1    | Found a runed translucent gate.
 56376 | Elf:1    | Found a runed translucent gate.
 56376 | Elf:1    | Found a runed translucent gate.
 56376 | Elf:1    | Found a runed translucent gate.
 56377 | Elf:1    | Found a runed translucent gate.
 56451 | Elf:1    | You pick up a book of Air and begin reading...
 56451 | Elf:1    | You add the spells Shock, Swiftness and Airstrike to your
                  | library.
 56752 | Elf:2    | Received a gift from Okawaru
 56874 | Elf:2    | Found a crumbling gateway.
 56890 | Elf:2    | You drop +4 gold dragon scales {rare}.
 56974 | Desolati | Entered the Desolation of Salt
 57082 | Desolati | Reached skill level 21 in Shields
 57472 | Desolati | You add the spells Ignite Poison and Ignition to your
                  | library.
 57472 | Desolati | Got the Secrets of the Black Widow and Kindling
 58236 | Desolati | You add the spells Freeze, Petrify and Statue Form to your
                  | library.
 58236 | Desolati | Got the Notes on Flesh and Hoarfrost
 58237 | Desolati | Identified the ring of Henat {Fly rElec Dex+3}
 58247 | Desolati | You pick up a book of Air and begin reading...
 58364 | Desolati | You pick up a book of Maledictions and begin reading...
 58371 | Desolati | Got Peeryhuamm's Spellbook of Inflammable Contaminants
 58372 | Desolati | Identified the +7 trident of Enteashinle {speed, rElec rF+
                  | Str-4}
 58382 | Desolati | Got the Cyclopedia of the Modern Beds
 58522 | Elf:2    | the +18 shield of the Gong {rElec rN+ Will+ EV-5}; the ring
                  | of Equleoh {rPois Str+4 Dex+6 Stlth-}; +4 gold dragon
                  | scales {rare}
 58522 | Elf:2    | g - +4 gold dragon scales {rare}
 58777 | Elf:2    | Found a runed translucent gate.
 58777 | Elf:2    | Found a runed translucent gate.
 58777 | Elf:2    | Found a runed translucent gate.
 58968 | Elf:2    | Reached skill level 22 in Shields
 59144 | Elf:3    | Entered Level 3 of the Elven Halls
 59415 | Elf:3    | Paralysed by an air elemental for 1 turns
 59417 | Elf:3    | Paralysed by an air elemental for 1 turns
 59900 | Elf:3    | a deep elf annihilator comes into view. It is wielding the
                  | +8 mithril axe "Arga" {speed, Will+}.
 59992 | Elf:3    | Reached skill level 1 in Axes
 59994 | Elf:3    | Received a gift from Okawaru
 59995 | Elf:3    | Reached skill level 2 in Axes
 60022 | Elf:3    | Reached skill level 3 in Axes
 60216 | Elf:3    | Reached skill level 4 in Axes
 60232 | Elf:3    | Identified the +10 war axe "Ontuutil" {spect, Str+3}
 60376 | Elf:3    | Could not pick up a +0 quick blade {shortrare=g} and a +0
                  | quick blade {shortrare=g} here; ([A]lways) ignore them?
 60387 | Elf:3    | a deep elf sorcerer comes into view. It is wielding the +9
                  | sword of Zonguldrok {reap}, wearing a +2 robe of positive
                  | energy and wearing an orb of guile.
 60395 | Elf:3    | Reached skill level 5 in Axes
 60496 | Elf:3    | You pick up a book of Iron and begin reading...
 60542 | Elf:3    | Identified the +5 mace "Xirghi" {antimagic, rPois}
 60544 | Elf:3    | You pick up a book of Blood and begin reading...
 60568 | Elf:3    | You pick up a book of Changes and begin reading...
 60575 | Elf:3    | Identified the +7 spear "Lori" {heavy, Str+3}
 60890 | Zig:1    | Entered Level 1 of a ziggurat
 60969 | Zig:2    | Entered Level 2 of a ziggurat
 60969 | Zig:2    | Noticed a curse skull
 60982 | Zig:2    | Killed a curse skull
 61001 | Zig:3    | Entered Level 3 of a ziggurat
 61252 | Zig:4    | Entered Level 4 of a ziggurat
 61252 | Zig:4    | Found the +8 whip "Snakebite" {venom, curare, rPois}
 61262 | Zig:4    | Reached skill level 6 in Axes
 61338 | Zig:5    | Entered Level 5 of a ziggurat
 61363 | Zig:5    | +0 storm dragon scales {rare}; a storm dragon corpse; a
                  | quicksilver dragon corpse
 61372 | Zig:5    | Gained mutation: You are resistant to unholy torment.
                  | [demonic ancestry]
 61372 | Zig:5    | Reached XP level 25. HP: 166/217 MP: 13/32
 61375 | Zig:5    | Reached skill level 7 in Axes
 61381 | Zig:5    | Identified the +5 broad axe "Demonslayer" {antimagic, rC++
                  | Str+4}
 61385 | Zig:5    | Got Sif Muna's Catalogue of Dislocation and the Commander
 61388 | Zig:5    | Identified the +5 gold dragon scales "Mihagan" {Harm rPois
                  | rF+ rC+}
 61473 | Zig:6    | Entered Level 6 of a ziggurat
 61496 | Zig:7    | Entered Level 7 of a ziggurat
 61694 | Zig:7    | Noticed a pearl dragon
 61694 | Zig:7    | Noticed a pearl dragon
 61708 | Zig:7    | Killed a pearl dragon
 61708 | Zig:7    | Received a gift from Okawaru
 61708 | Zig:7    | Identified +0 pearl dragon scales
 61709 | Zig:7    | Identified the +6 tower shield of Courage {Fly rC+++ Str-5}
 61710 | Zig:7    | +0 pearl dragon scales {rare=g}; a pearl dragon corpse
 61712 | Zig:7    | HP: 52/217 [daeva/divine providence (11)]
 62296 | Slime:1  | Entered Level 1 of the Pits of Slime
 62647 | Zot:1    | Entered Level 1 of the Realm of Zot
 62664 | Zot:1    | You pick up a book of Scorching and begin reading...
 62715 | Depths:4 | You finish putting on your +4 gold dragon scales {rare}.
 62970 | Zot:1    | You pick up a book of Misfortune and begin reading...
 62992 | Zot:1    | Noticed an electric golem
 63011 | Zot:1    | Killed an electric golem
 63012 | Zot:1    | Reached skill level 8 in Axes
 63397 | Zot:1    | Noticed an orb of fire
 63416 | Zot:1    | Gained mutation: You occasionally shout uncontrollably at
                  | your foes. [an orb of fire]
 63417 | Zot:1    | HP: 46/203 [shadow dragon (7)]
 63422 | Zot:1    | HP: 46/203 [tentacled monstrosity (7)]
 63423 | Zot:1    | HP: 20/203 [quicksilver dragon/bolt of dispelling energy
                  | (25)]
 63424 | Zot:1    | HP: 7/203 [tentacled monstrosity (6)]
 63427 | Zot:1    | Reached skill level 9 in Axes
 63798 | Zot:1    | Noticed a curse toe
 63835 | Zot:1    | Killed a curse toe
 63837 | Zot:1    | +0 storm dragon scales {rare}; a storm dragon corpse
 63848 | Zot:1    | Identified +0 gold dragon scales
 63852 | Zot:1    | +0 storm dragon scales {rare}; a storm dragon corpse
 63987 | Zot:1    | +0 storm dragon scales {rare}; a storm dragon corpse
 63991 | Zot:1    | +0 gold dragon scales {rare}; a golden dragon corpse
 64002 | Zot:1    | You are sucked into a shaft and drop 1 floor!
 64002 | Zot:2    | Noticed a curse toe
 64002 | Zot:2    | Noticed an orb of fire
 64317 | Zot:1    | Gained mutation: You are clumsy. (Dex -2) [an orb of fire]
 64331 | Zot:1    | Killed an orb of fire
 64332 | Zot:1    | Reached skill level 10 in Axes
 64738 | Zot:2    | Noticed an electric golem
 64963 | Zot:2    | Killed an electric golem
 65138 | Zot:2    | You finish taking off your +4 gold dragon scales {rare}.
 65173 | Zot:2    | You finish putting on your +4 gold dragon scales {rare}.
 65420 | Crypt:1  | Entered Level 1 of the Crypt
 65436 | Crypt:1  | Reached skill level 11 in Axes
 66244 | Crypt:1  | Reached skill level 12 in Axes
 66609 | Crypt:1  | Found a runed translucent gate.
 66609 | Crypt:1  | Found a runed translucent gate.
 66609 | Crypt:1  | Found a runed translucent gate.
 66610 | Crypt:1  | Noticed Titucsi's ghost (adept GrFi)
 66879 | Crypt:1  | Found a basalt altar of Yredelemnul.
 67428 | Crypt:2  | Noticed Xtahua
 67453 | Crypt:2  | Reached skill level 13 in Axes
 67453 | Crypt:2  | Killed Xtahua
 68023 | Crypt:2  | Identified the +6 rapier of Optimality {spect, rCorr Int+3}
 68222 | Crypt:2  | your +4 gold dragon scales {rare} glow green for a moment.
 68264 | Crypt:2  | Noticed Mennas
 68298 | Crypt:2  | Killed Mennas
 68299 | Crypt:2  | Reached skill level 14 in Axes
 68932 | Crypt:3  | Entered Level 3 of the Crypt
 68932 | Crypt:3  | Noticed a curse skull
 68945 | Crypt:3  | Killed a curse skull
 69343 | Crypt:3  | Found the +6 Majin-Bo {vamp, MP+6 Int+6}
 69536 | Crypt:3  | Reached skill level 15 in Axes
 69751 | Crypt:3  | Noticed a curse skull
 69759 | Crypt:3  | Killed a curse skull
 69767 | Crypt:3  | Gained mutation: You can hurl damnation. [demonic ancestry]
 69767 | Crypt:3  | Reached XP level 26. HP: 174/224 MP: 19/32
 69970 | Crypt:3  | Noticed a curse skull
 69991 | Crypt:3  | Killed a curse skull
 70007 | Crypt:3  | Received a gift from Okawaru
 70071 | Crypt:3  | You pick up a book of Storms and begin reading...
 70671 | Zot:2    | Reached skill level 15 in Armour
 70693 | Zot:3    | Noticed an electric golem
 70746 | Zot:3    | Killed an electric golem
 71636 | Zot:2    | Reached skill level 16 in Armour
 72080 | Orc:2    | Bought a scroll of magic mapping for 120 gold pieces
 72080 | Orc:2    | You drop a +9 eveningstar of draining {macerare=g}.
 72109 | Orc:2    | Bought a potion of haste for 250 gold pieces
 72109 | Orc:2    | Bought a scroll of magic mapping for 187 gold pieces
 72744 | Zot:4    | Noticed Grunn
 72772 | Zot:4    | Killed Grunn
 73460 | Zot:4    | Reached skill level 17 in Armour
 73948 | Zot:5    | Entered Level 5 of the Realm of Zot
 73950 | Zot:5    | Found a huge runed gate.
 74103 | Zot:5    | Received a gift from Okawaru
 74124 | Zot:5    | Found a huge runed gate.
 74124 | Zot:5    | Found a huge runed gate.
 74124 | Zot:5    | Found a huge runed gate.
 74126 | Zot:5    | Found a huge runed gate.
 74126 | Zot:5    | Found a huge runed gate.
 74127 | Zot:5    | Found a huge runed gate.
 74127 | Zot:5    | Found a huge runed gate.
 74128 | Zot:5    | Found a huge runed gate.
 74128 | Zot:5    | Found a huge runed gate.
 74133 | Zot:5    | Found a huge runed gate.
 74133 | Zot:5    | Found a huge runed gate.
 74133 | Zot:5    | Found a huge runed gate.
 74133 | Zot:5    | Found a huge runed gate.
 74133 | Zot:5    | Found a huge runed gate.
 74133 | Zot:5    | Found a huge runed gate.
 74134 | Zot:5    | Found a huge runed gate.
 74135 | Zot:5    | Found a huge runed gate.
 74142 | Zot:5    | Found a huge runed gate.
 74151 | Zot:5    | Found a huge runed gate.
 74151 | Zot:5    | Found a huge runed gate.
 74151 | Zot:5    | Found a huge runed gate.
 74151 | Zot:5    | Found a huge runed gate.
 74151 | Zot:5    | Found a huge runed gate.
 74151 | Zot:5    | Found a huge runed gate.
 74152 | Zot:5    | Found a huge runed gate.
 74155 | Zot:5    | Found a huge runed gate.
 74155 | Zot:5    | Found a huge runed gate.
 74279 | Zot:5    | Found a huge runed gate.
 74279 | Zot:5    | Found a huge runed gate.
 74279 | Zot:5    | Found a huge runed gate.
 74293 | Zot:5    | Found a huge runed gate.
 74293 | Zot:5    | Found a huge runed gate.
 74293 | Zot:5    | Found a huge runed gate.
 74293 | Zot:5    | Found a huge runed gate.
 74293 | Zot:5    | Found a huge runed gate.
 74474 | Zot:3    | Reached skill level 18 in Armour
 74606 | Zot:3    | Noticed an orb of fire
 74622 | Zot:3    | Gained mutation: You are dopey. (Int -2) [an orb of fire]
 74630 | Zot:3    | Killed an orb of fire
 74912 | Zot:3    | You pick up a book of the Hunter and begin reading...
 75010 | Zot:3    | Identified the ring "Memeonn" {rPois rN+ rCorr Dex+4}
 75738 | Zot:2    | quicksilver dragon scales {rare}; a quicksilver dragon
                  | corpse
 75741 | Zot:2    | quicksilver dragon scales {rare}; a quicksilver dragon
                  | corpse
 75850 | Zot:2    | Killed a curse toe
 75960 | Zot:2    | Gained mutation: You are occasionally teleported next to
                  | monsters. [an orb of fire]
 76086 | Zot:2    | Gained mutation: You have hidden genetic defects. [an orb
                  | of fire]
 76090 | Zot:2    | Gained mutation: Potions are less effective at restoring
                  | your health. [an orb of fire]
 76098 | Zot:2    | Gained mutation: Armour fits poorly on your strangely
                  | shaped body. [an orb of fire]
 76101 | Zot:2    | Gained mutation: You are weak. (Str -2) [an orb of fire]
 76113 | Zot:2    | Killed an orb of fire
 76115 | Zot:2    | Lost mutation: You are dopey. (Int -2) [potion of mutation]
 76115 | Zot:2    | Lost mutation: You are clumsy. (Dex -2) [potion of
                  | mutation]
 76115 | Zot:2    | Lost mutation: You passively dampen the noise of your
                  | surroundings. [potion of mutation]
 76115 | Zot:2    | Lost mutation: You have hidden genetic defects. [potion of
                  | mutation]
 76115 | Zot:2    | Gained mutation: Your spells are a little easier to cast,
                  | but a little less powerful. [potion of mutation]
 76122 | Zot:1    | Lost mutation: Your flesh is heat resistant. (rF+) [potion
                  | of mutation]
 76122 | Zot:1    | Lost mutation: Armour fits poorly on your strangely shaped
                  | body. [potion of mutation]
 76122 | Zot:1    | Lost mutation: You occasionally shout uncontrollably at
                  | your foes. [potion of mutation]
 76122 | Zot:1    | Gained mutation: Your system is resistant to poisons.
                  | (rPois) [potion of mutation]
 76122 | Zot:1    | Gained mutation: You are agile. (Dex +4, Str/Int -1)
                  | [potion of mutation]
 76123 | Zot:1    | Lost mutation: You are agile. (Dex +4, Str/Int -1) [potion
                  | of mutation]
 76123 | Zot:1    | Lost mutation: Your system is resistant to poisons. (rPois)
                  | [potion of mutation]
 76123 | Zot:1    | Gained mutation: You are frail. (-10% HP) [potion of
                  | mutation]
 76123 | Zot:1    | Gained mutation: You possess an exceptional clarity of
                  | mind. [potion of mutation]
 76124 | Zot:1    | Lost mutation: You are frail. (-10% HP) [potion of
                  | mutation]
 76124 | Zot:1    | Lost mutation: You possess an exceptional clarity of mind.
                  | [potion of mutation]
 76124 | Zot:1    | Lost mutation: You are occasionally teleported next to
                  | monsters. [potion of mutation]
 76124 | Zot:1    | Gained mutation: You sometimes lose your temper in combat.
                  | [potion of mutation]
 76124 | Zot:1    | Gained mutation: You are agile. (Dex +4, Str/Int -1)
                  | [potion of mutation]
 76124 | Zot:1    | Gained mutation: You expend magic power (3 MP) to
                  | strengthen your wands. [potion of mutation]
 76125 | Zot:1    | Lost mutation: Your spells are a little easier to cast, but
                  | a little less powerful. [potion of mutation]
 76125 | Zot:1    | Lost mutation: You are weak. (Str -2) [potion of mutation]
 76125 | Zot:1    | Gained mutation: Your movements are slightly less
                  | encumbered by armour. (ER -2) [potion of mutation]
 76125 | Zot:1    | Lost mutation: Potions are less effective at restoring your
                  | health. [potion of mutation]
 76125 | Zot:1    | Gained mutation: Your system is resistant to poisons.
                  | (rPois) [potion of mutation]
 76375 | Zot:2    | Reached skill level 23 in Fighting
 77191 | Zot:5    | Gained mutation: Your demonic aura causes all spilled blood
                  | to erupt in flames. [demonic ancestry]
 77191 | Zot:5    | Reached XP level 27. HP: 223/236 MP: 0/32
 77338 | Zot:5    | Noticed an ancient lich
 77348 | Zot:5    | Killed an ancient lich
 77356 | Zot:5    | Noticed an ancient lich
 77356 | Zot:5    | Noticed an orb of fire
 77357 | Zot:5    | Noticed an electric golem
 77359 | Zot:5    | Noticed an orb of fire
 77367 | Zot:5    | Killed an ancient lich
 77374 | Zot:5    | Gained mutation: Your spells are a little easier to cast,
                  | but a little less powerful. [an orb of fire]
 77375 | Zot:5    | Killed an electric golem
 77378 | Zot:5    | Killed an orb of fire
 77387 | Zot:5    | Killed an orb of fire
 77392 | Zot:5    | Noticed a dread lich
 77394 | Zot:5    | Reached skill level 24 in Fighting
 77397 | Zot:5    | Noticed an orb of fire
 77400 | Zot:5    | Killed a dread lich
 77403 | Zot:5    | Gained mutation: Potions are less effective at restoring
                  | your health. [an orb of fire]
 77420 | Zot:5    | Killed an orb of fire
 77577 | Zot:5    | Identified the +4 morningstar of Eternal Vigilance
                  | {antimagic, Dex+4} (Okawaru gifted it to you on level 5 of
                  | the Realm of Zot)
 77577 | Zot:5    | Received a gift from Okawaru
 78029 | Zot:5    | Got the Orb of Zot
 78045 | Zot:5    | Noticed Cohonwion the pandemonium lord
 78045 | Zot:5    | Noticed an ancient lich
 78045 | Arena    | Entered the Arena
 78060 | Arena    | Killed Cohonwion the pandemonium lord
 78092 | Zot:5    | Killed an ancient lich
 78095 | Zot:5    | Reached skill level 25 in Fighting
 78423 | Depths:2 | Noticed Winus the pandemonium lord
 78754 | D:$      | Escaped with the Orb!

Vanquished Creatures
  4 ancient liches
  6 orbs of fire
  A dread lich (Zot:5)
  A pandemonium lord (Arena)
  Mennas (Crypt:2)
  3 Killer Klowns
  Xtahua (Crypt:2)
  2 curse toes
  8 golden dragons
  Nikola (Spider:3)
  the Enchantress (Depths:1)
  A pearl dragon (Zig:7)
  2 bone dragons
  3 doom hounds (Zot:4)
  A hellephant (Zot:2)
  A Hell Sentinel (Zig:1)
  4 electric golems
  Zenata (Elf:1)
  Rupert (D:14)
  2 Ice Fiends
  2 deep elf blademasters (Elf:3)
  3 liches
  Asterion (Vaults:3)
  24 Orb Guardians
  12 tentacled monstrosities
  The ghost of Aram the Tortoise, an adept AtMo of Okawaru (Vaults:3)
  Grunn (Zot:4)
  A walking divine tome (Depths:4)
  2 deep elf master archers (Elf:3)
  A moon troll (WizLab)
  2 titans (Vaults:5)
  14 quicksilver dragons
  6 death cobs
  3 tengu reavers
  13 tentacled starspawn
  Polyphemus (Shoals:3)
  5 ancient champions
  Gastronok (Lair:2)
  11 storm dragons
  Donald (Vaults:2)
  6 sphinxes
  Kirke (Elf:1)
  11 shadow dragons
  5 draconian monks
  15 fire giants
  5 revenants
  5 frost giants
  An emperor scorpion (Spider:4)
  2 iron dragons
  8 draconian knights
  6 deep elf sorcerers
  27 vault wardens
  2 imperial myrmidons (Desolation)
  A nagaraja (Zig:4)
  4 draconian scorchers
  5 ghost moths
  A balrug (Depths:2)
  4 curse skulls
  Louise (Depths:2)
  2 cacodemons (WizLab)
  An orc warlord (Vaults:4)
  A juggernaut zombie (Crypt:2)
  2 draconian stormcallers
  A deep elf elementalist (Elf:3)
  4 spriggan defenders
  16 ironbound preservers
  23 stone giants
  A caustic shrike skeleton (Depths:3)
  7 ghouls
  5 draconian shifters
  4 reapers
  6 draconian annihilators
  3 broodmothers
  9 vampire knights
  6 ironbound thunderhulks
  16 very ugly things
  4 war gargoyles
  16 black draconians
  9 deep elf demonologists
  2 green draconians (Zot:4)
  Azrael (D:14)
  7 dire elephants (Vaults:4)
  8 spark wasps
  A putrid mouth (Zot:4)
  3 halazid warlocks (Desolation)
  5 white draconians
  6 deep elf annihilators
  15 purple draconians
  11 red draconians
  7 yellow draconians
  3 blizzard demons
  8 deep elf death magi
  6 eidola
  6 merfolk impalers
  12 jiangshi
  13 ettins
  4 merfolk javelineers
  3 crystal guardians
  9 fire dragons
  8 entropy weavers
  9 great orbs of eyes
  6 deep elf high priests
  30 vault guards
  16 yaktaur captains
  4 spriggan zombies
  9 ragged hierophants (Desolation)
  A great orb of eyes (shapeshifter) (Depths:2)
  10 peacekeepers
  5 hydras
  A hydra (shapeshifter) (Vaults:5)
  14 servants of whispers
  9 spriggan air magi
  A juggernaut simulacrum (Depths:3)
  A catoblepas (Shoals:3)
  3 jorogumos
  8 ice dragons
  4 spriggan skeletons
  A quicksilver dragon skeleton (Abyss:1)
  An anaconda (Zig:4)
  8 boulder beetles
  2 rakshasas (Depths:1)
  4 merfolk avatars
  3 caustic shrike simulacra (IceCv)
  4 ogre magi
  8 ironbound frosthearts
  15 centaur warriors
  4 merfolk aquamancers
  4 death knights
  8 radroaches
  2 alligator snapping turtles
  5 tengu warriors
  3 satyrs (Shoals:4)
  13 two-headed ogres
  A death scarab (Zig:6)
  7 death yaks
  4 deep troll earth magi
  6 deep troll shamans
  9 vampire magi
  8 spriggan berserkers
  12 dancing weapons
  A naga sharpshooter (Zig:4)
  An orc high priest (Elf:1)
  4 hell knights
  Sonja (Lair:2)
  11 deep elf knights
  3 soul eaters
  2 iron trolls
  5 pharaoh ants
  A shadow wraith (Crypt:2)
  A bunyip zombie (Crypt:1)
  46 skeletal warriors
  2 wretched stars (WizLab)
  3 sixfirhies
  A sun moth (Spider:1)
  6 sea snakes
  A spatial maelstrom (Zig:3)
  A deep troll (shapeshifter) (Vaults:5)
  51 deep trolls
  A cherub (Depths:2)
  A glowing orange brain (shapeshifter) (Vaults:5)
  4 orb spiders
  9 glowing orange brains
  6 flayed ghosts
  An anaconda skeleton (Crypt:1)
  A swamp dragon (Lair:5)
  6 bog bodies
  2 orange crystal statues
  5 steelbarb worms
  5 wizards
  A fenstrider witch simulacrum (Crypt:1)
  12 phantasmal warriors
  16 harpies
  26 ironbound convokers
  6 lindwurms
  13 deep elf archers
  2 obsidian statues (IceCv)
  A lindwurm (shapeshifter) (Vaults:5)
  A naga ritualist (Zig:4)
  30 deep elf pyromancers
  9 necromancers
  A mana viper (shapeshifter) (Vaults:1)
  29 deep elf zephyrmancers
  A frost giant zombie (Depths:3)
  27 wolf spiders
  19 fauns
  5 orc knights
  2 stone giant zombies
  2 salamanders (Zig:4)
  A cyclops (shapeshifter) (Vaults:5)
  12 cyclopes
  23 ugly things
  12 elephants
  42 moths of wrath
  5 large abominations
  An elephant (shapeshifter) (Elf:2)
  2 orc sorcerers
  12 manticores
  6 black mambas
  9 merfolk sirens
  2 rust devils
  3 stone giant skeletons
  10 torpor snails
  2 molten gargoyles (Desolation)
  18 vault sentinels
  2 centaur zombies
  3 smoke demons
  4 eyes of devastation (WizLab)
  3 guardian serpents (Desolation)
  32 slime creatures
  8 gargoyles
  4 orange demons
  7 water nymphs
  A black mamba (shapeshifter) (Vaults:5)
  8 demonic crawlers
  A titan simulacrum (Depths:3)
  12 cane toads
  An alligator snapping turtle skeleton (Crypt:1)
  3 kobold demonologists
  A purple draconian zombie (Crypt:3)
  6 rime drakes
  An efreet (Abyss:1)
  10 freezing wraiths
  59 yaktaurs
  4 tengu conjurers
  2 guardian mummies (Crypt:1)
  10 komodo dragons
  3 ice devils (IceCv)
  4 golden dragon simulacra (IceCv)
  An anaconda simulacrum (IceCv)
  An ancient zyme (Zig:3)
  4 harpy zombies
  A grey draconian skeleton (Crypt:2)
  22 merfolk
  14 trolls
  A polar bear (Lair:5)
  16 hornets
  3 hellwings
  A green draconian skeleton (Crypt:2)
  2 meliai
  A shadow dragon simulacrum (Depths:1)
  A harpy skeleton (Crypt:3)
  4 tyrant leeches (Lair:5)
  8 snapping turtles
  21 tarantellas
  71 saltlings
  A culicivora zombie (Crypt:2)
  5 blink frogs
  17 dream sheep
  A tarantella zombie (Crypt:1)
  6 wind drakes
  33 jumping spiders
  An ettin zombie (Vaults:2)
  An iron dragon simulacrum (Crypt:3)
  7 spriggans
  A frost giant simulacrum (Depths:1)
  2 stone giant simulacra
  3 flying skulls
  6 wraiths
  4 air elementals
  A naga simulacrum (Crypt:3)
  6 water elementals
  2 black mamba zombies
  2 vampires (D:13)
  3 ynoxinuls
  21 culicivoras
  3 shadows
  3 wyverns
  31 yaks
  6 basilisks
  4 fire elementals
  3 small abominations (Abyss:1)
  56 redbacks
  4 hogs (Elf:1)
  3 steam dragons
  18 humans
  6 vampire mosquitoes (D:14)
  A minotaur simulacrum (IceCv)
  A neqoxec (WizLab)
  A demonspawn zombie (Crypt:3)
  3 wargs
  A glowing shapeshifter zombie (Vaults:2)
  2 human zombies
  4 acid dragons
  A floating eye (Depths:4)
  4 hydra simulacra (IceCv)
  20 water moccasins
  5 hell hounds (D:14)
  A deep troll skeleton (Crypt:2)
  A fire bat skeleton (Crypt:3)
  An elephant zombie (Crypt:2)
  5 black bears
  14 orc warriors
  3 sky beasts
  2 human skeletons
  2 swamp drakes (Lair:5)
  3 ice beasts
  26 ogres
  A snapping turtle zombie (Crypt:1)
  3 centaurs
  A hog zombie (Crypt:2)
  A torpor snail zombie (Crypt:1)
  18 starcursed masses
  A swamp dragon skeleton (Crypt:2)
  A snapping turtle skeleton (Crypt:1)
  5 phantoms
  13 wolves
  8 bullfrogs
  5 necrophages
  4 scorpions
  2 earth elementals
  A yaktaur zombie (Crypt:1)
  A wight (D:7)
  A deep troll simulacrum (IceCv)
  8 killer bees
  6 electric eels
  3 howler monkeys (D:11)
  A wolf skeleton (Crypt:3)
  A bullfrog zombie (Crypt:1)
  2 quasits (D:6)
  An iron imp (Abyss:1)
  2 jellies
  5 hounds
  11 orc priests
  Ijyb (D:3)
  3 gnoll boudas
  Jessica (D:3)
  7 iguanas
  Terence (D:2)
  Natasha (twice) (D:3)
  19 orc wizards
  A tengu skeleton (Crypt:2)
  An acid dragon skeleton (Crypt:3)
  12 gnolls
  20 adders
  3 white imps
  2 ufetubi
  2 dart slugs (D:1)
  2 worms (D:2)
  54 orcs
  5 bats
  11 endoplasms
  A giant cockroach (D:4)
  9 goblins
  9 hobgoblins
  3 jackals (D:1)
  5 quokkas
  2 ball pythons (D:4)
  A ball python zombie (Crypt:1)
  5 frilled lizards
  A goblin skeleton (Crypt:1)
  A hobgoblin zombie (Crypt:3)
  10 kobolds
  7 rats
  A rat zombie (Crypt:3)
  A plant (Shoals:4)
  16 starspawn tentacles (WizLab)
2389 creatures vanquished.

Vanquished Creatures (others)
  A draconian knight (Zot:2)
  A deep elf archer (Elf:1)
  A deep elf pyromancer (Elf:1)
  2 deep elf zephyrmancers (Elf:2)
  A guardian serpent (Desolation)
  A saltling (Desolation)
  A water elemental (Shoals:4)
  A necrophage (D:6)
  An orc priest (Elf:1)
  An orc wizard (Elf:1)
  A gnoll (D:8)
  3 orcs (Elf:1)
  A demonic plant (WizLab)
  24 fungi
  3 pillars of salt (Desolation)
  264 plants
  25 starspawn tentacles
  2 withered plants (Desolation)
334 creatures vanquished.

Grand Total: 2723 creatures vanquished

Table legend:
 A = Non-vault XP
 B = Vault XP
 C = Vault XP percentage of total XP
 D = Non-vault monster count
 E = Vault monster count
 F = Vault count percentage of total count
                 A         B        C        D         E       F
            +---------+---------+-------+---------+---------+-------
      Total |  752816 |  700772 |  48.2 |    1432 |     926 |  39.3
            +---------+---------+-------+---------+---------+-------
        D:1 |      45 |       0 |   0.0 |      24 |       0 |   0.0
        D:2 |      72 |      36 |  33.3 |      25 |       1 |   3.8
        D:3 |      98 |     111 |  53.1 |      11 |       3 |  21.4
        D:4 |     114 |     207 |  64.5 |      12 |       9 |  42.9
        D:5 |     917 |       0 |   0.0 |      21 |       0 |   0.0
        D:6 |     935 |      90 |   8.8 |      24 |       2 |   7.7
        D:7 |     650 |     677 |  51.0 |      16 |       7 |  30.4
        D:8 |    1065 |       0 |   0.0 |      20 |       0 |   0.0
        D:9 |    1666 |     772 |  31.7 |      16 |      17 |  51.5
       D:10 |    2889 |       0 |   0.0 |      18 |       0 |   0.0
       D:11 |    2390 |       0 |   0.0 |      16 |       0 |   0.0
       D:12 |    6214 |       0 |   0.0 |      14 |       0 |   0.0
       D:13 |   12858 |    2038 |  13.7 |      23 |       4 |  14.8
       D:14 |    9668 |    9142 |  48.6 |      21 |      27 |  56.2
       D:15 |   16233 |    1110 |   6.4 |      24 |       1 |   4.0
     Lair:1 |    9399 |    2661 |  22.1 |      34 |      18 |  34.6
     Lair:2 |    4070 |    3253 |  44.4 |      18 |       8 |  30.8
     Lair:3 |    1444 |    1220 |  45.8 |       9 |       3 |  25.0
     Lair:4 |    3643 |    1720 |  32.1 |      15 |       3 |  16.7
     Lair:5 |   18334 |   11160 |  37.8 |      51 |      34 |  40.0
   Shoals:1 |    7551 |       0 |   0.0 |      15 |       0 |   0.0
   Shoals:2 |   18676 |    7216 |  27.9 |      43 |      10 |  18.9
   Shoals:3 |    7594 |    3953 |  34.2 |      17 |       4 |  19.0
   Shoals:4 |   11201 |   18908 |  62.8 |      26 |      31 |  54.4
   Spider:1 |   20763 |    3115 |  13.0 |      52 |       6 |  10.3
   Spider:2 |   11530 |       0 |   0.0 |      30 |       0 |   0.0
   Spider:3 |   22750 |    2392 |   9.5 |      52 |       1 |   1.9
   Spider:4 |   15777 |   13161 |  45.5 |      39 |      33 |  45.8
      Orc:1 |    2546 |       0 |   0.0 |      12 |       0 |   0.0
      Orc:2 |    1301 |   14762 |  91.9 |      19 |      37 |  66.1
      Elf:1 |    6349 |   25243 |  79.9 |      12 |      47 |  79.7
      Elf:2 |   20409 |    2857 |  12.3 |      34 |       5 |  12.8
      Elf:3 |   19401 |   28538 |  59.5 |      32 |      25 |  43.9
   Vaults:1 |   33175 |   11493 |  25.7 |      49 |      17 |  25.8
   Vaults:2 |   24050 |   35197 |  59.4 |      38 |      51 |  57.3
   Vaults:3 |   19463 |   20953 |  51.8 |      33 |      27 |  45.0
   Vaults:4 |   21774 |   26229 |  54.6 |      30 |      33 |  52.4
   Vaults:5 |   27673 |  111696 |  80.1 |      42 |     105 |  71.4
    Crypt:1 |   26971 |   12242 |  31.2 |      43 |      21 |  32.8
    Crypt:2 |   35040 |    6728 |  16.1 |      52 |       2 |   3.7
    Crypt:3 |   34404 |    9552 |  21.7 |      52 |       9 |  14.8
   Depths:1 |   19071 |   31505 |  62.3 |      28 |      30 |  51.7
   Depths:2 |    9027 |   12144 |  57.4 |      10 |      13 |  56.5
   Depths:3 |   32627 |    7581 |  18.9 |      40 |       7 |  14.9
   Depths:4 |   30845 |   14156 |  31.5 |      37 |      12 |  24.5
      Zot:1 |   43576 |       0 |   0.0 |      31 |       0 |   0.0
      Zot:2 |   48419 |   26192 |  35.1 |      44 |      19 |  30.2
      Zot:3 |   17555 |    2604 |  12.9 |      14 |       1 |   6.7
      Zot:4 |   25569 |   32066 |  55.6 |      24 |      24 |  50.0
      Zot:5 |   16544 |   71231 |  81.2 |      17 |      30 |  63.8
    Abyss:1 |    5754 |       0 |   0.0 |      18 |       0 |   0.0
      Zig:1 |    1917 |       0 |   0.0 |       1 |       0 |   0.0
      Zig:2 |    1971 |       0 |   0.0 |       2 |       0 |   0.0
      Zig:3 |    2089 |       0 |   0.0 |       5 |       0 |   0.0
      Zig:4 |    4523 |       0 |   0.0 |       6 |       0 |   0.0
      Zig:5 |    7909 |       0 |   0.0 |       5 |       0 |   0.0
      Zig:6 |     812 |       0 |   0.0 |       1 |       0 |   0.0
      Zig:7 |    2316 |       0 |   0.0 |       1 |       0 |   0.0
      IceCv |       0 |   11588 | 100.0 |       0 |      25 | 100.0
     WizLab |    1190 |   44454 |  97.4 |      14 |      45 |  76.3
 Desolation |       0 |   58819 | 100.0 |       0 |     119 | 100.0
            +---------+---------+-------+---------+---------+-------

Illustrated notes

Table legend:
 A = Kills in this place as a percentage of kills in entire the game.
 B = Kills by you in this place as a percentage of kills by you in the entire game.
 C = Kills by friends in this place as a percentage of kills by friends in the entire game.
 D = Other kills in this place as a percentage of other kills in the entire game.
 E = Experience gained in this place as a percentage of experience gained in the entire game.
 F = Experience gained in this place divided by the number of levels of this place that you have seen.
                   A       B       C       D       E      F
               +-------+-------+-------+-------+-------+----------------------
         Total | 100.0 | 100.0 |   N/A | 100.0 | 100.0 | 22733.6
       Dungeon |  15.1 |  15.1 |   N/A |  14.3 |   5.0 | 4955.7
          Lair |   8.1 |   8.1 |   N/A |   0.0 |   3.9 | 11380.8
        Shoals |   6.1 |   6.1 |   N/A |  14.3 |   5.1 | 18774.8
   Spider Nest |   9.0 |   9.0 |   N/A |   0.0 |   6.1 | 22372.0
  Orcish Mines |   2.9 |   2.9 |   N/A |   0.0 |   1.3 | 9304.5
   Elven Halls |   6.5 |   6.4 |   N/A |  42.9 |   7.0 | 34265.7
        Vaults |  17.9 |  17.9 |   N/A |   0.0 |  22.4 | 66340.6
         Crypt |   7.5 |   7.6 |   N/A |   0.0 |   8.5 | 41645.7
        Depths |   7.7 |   7.7 |   N/A |   0.0 |  10.8 | 39856.8
           Zot |   8.9 |   8.9 |   N/A |  14.3 |  20.1 | 59343.4
         Abyss |   0.8 |   0.8 |   N/A |   0.0 |   0.4 | 5754.0
      Ziggurat |   0.9 |   0.9 |   N/A |   0.0 |   1.5 | 3076.7
      Ice Cave |   1.1 |   1.1 |   N/A |   0.0 |   0.8 | 11588.0
        Wizlab |   2.5 |   2.5 |   N/A |   0.0 |   3.1 | 45644.0
    Desolation |   5.0 |   5.0 |   N/A |  14.3 |   4.0 | 58819.0
         Arena |   0.0 |   0.0 |   N/A |   0.0 |   0.3 | 4328.0
               +-------+-------+-------+-------+-------+----------------------

Table legend: (Time is in decaauts)
 A = Elapsed time spent in this place.
 B = Non-inter-level travel time spent in this place.
 C = Inter-level travel time spent in this place.
 D = Time resting spent in this place.
 E = Time spent auto-exploring this place.
 F = Levels seen in this place.
 G = Mean time per level.
                   A        B        C        D        E       F      G
               +--------+--------+--------+--------+--------+-----+--------+
         Total |  76130 |  69330 |   6800 |  16374 |  38466 |  65 | 1171.2 |
       Dungeon |  16620 |  14499 |   2121 |   2727 |   9112 |  15 | 1108.0 |
          Lair |   7107 |   6204 |    903 |   1156 |   3912 |   5 | 1421.4 |
        Shoals |   4561 |   4425 |    136 |    804 |   2551 |   4 | 1140.2 |
   Spider Nest |   6045 |   5797 |    248 |   1705 |   3036 |   4 | 1511.2 |
    Slime Pits |     13 |     13 |      0 |      0 |      0 |   2 |    6.5 |
  Orcish Mines |   1849 |   1420 |    429 |    357 |    747 |   2 |  924.5 |
   Elven Halls |   3833 |   3632 |    201 |    868 |   2022 |   3 | 1277.7 |
        Vaults |  10405 |   9495 |    910 |   2110 |   5250 |   5 | 2081.0 |
         Crypt |   4616 |   4495 |    121 |    294 |   3521 |   3 | 1538.7 |
        Depths |   7228 |   6127 |   1101 |   1648 |   3336 |   4 | 1807.0 |
           Zot |   8725 |   8101 |    624 |   2727 |   3770 |   5 | 1745.0 |
         Abyss |    667 |    667 |      0 |    224 |      5 |   1 |  667.0 |
      Ziggurat |    750 |    750 |      0 |    562 |      0 |   7 |  107.1 |
        Bazaar |    113 |    113 |      0 |      0 |     73 |   1 |  113.0 |
      Ice Cave |    601 |    601 |      0 |    219 |     98 |   1 |  601.0 |
        Wizlab |   1549 |   1549 |      0 |    416 |    777 |   1 | 1549.0 |
    Desolation |   1421 |   1421 |      0 |    552 |    254 |   1 | 1421.0 |
         Arena |     19 |     19 |      0 |      0 |      0 |   1 |   19.0 |
               +--------+--------+--------+--------+--------+-----+--------+

Top non-repeatable levels by time:
   Zot:1: 2237 daAuts
   Zot:2: 2224 daAuts
  Lair:5: 2216 daAuts
Vaults:5: 2215 daAuts
Vaults:3: 2154 daAuts
Vaults:2: 2142 daAuts
Depths:3: 2050 daAuts
Spider:1: 2050 daAuts
Depths:4: 1993 daAuts
Vaults:4: 1977 daAuts
   Zot:4: 1944 daAuts
Vaults:1: 1915 daAuts
 Crypt:1: 1843 daAuts
     D:9: 1812 daAuts
Depths:1: 1778 daAuts
